 Dungeon Crawl Stone Soup version 0.31-a0-1612-g4aaf141004 (webtiles) character file.

Game seed: 7921470264854388652

18062321 bakla the Gloomy (level 27, 174/174 HPs)
             Began as a Felid Chaos Knight on Jan 9, 2024.
             Was an Initiate of Dithmenos.
             Escaped with the Orb
             ... and 14 runes!
             The game lasted 03:37:36 (73900 turns).

bakla the Gloomy (Felid Chaos Knight)              Turns: 73900, Time: 03:37:37

Health: 174/174    AC: 15    Str: 18    XL:     27
Magic:  41/41      EV: 74    Int: 19    God:    Dithmenos [......]
Gold:   6462       SH:  0    Dex: 24    Spells: 39/42 levels left
                                        Lives:  0   Deaths: 11

rFire   + +          .
                       - Unarmed
rCold   + . .        (shield unavailable)
rNeg    + . .        (body armour unavailable)
rPois   ∞            (helmet unavailable)
rElec   +            (cloak unavailable)
rCorr   +            (gloves unavailable)
SInv    +            (boots unavailable)
Will    ++++.        w - amulet "Jirreaff" {rF+ Regen+ rCorr Int-3}
Stlth   +++          X - ring of Ohonlola {Fly rElec rN+ Dex+5 Slay-5}
HPRegen 1.29/turn    M - ring "Biruuru" {rF+ rC+ Int+2 Dex+3}
MPRegen 0.27/turn

%: no passive effects
@: storm-form, flying, studying Evocations
A: cleaving, insubstantial, flying, very small, (claws 1), (fangs 3), see
invisible, (shaggy fur 3), (stealthy paws), no weapons or thrown items, no
armour, multi-lived, (horns 1), clumsy 1, strong 1, wild magic 1, MP-powered
wands
0: Orb of Zot
}: 14/15 runes: serpentine, barnacled, slimy, silver, golden, obsidian, icy,
bone, abyssal, demonic, glowing, magical, fiery, dark
a: Blinkbolt, Begin Untransformation, Renounce Religion


You escaped.
You worshipped Dithmenos.
Dithmenos was noncommittal.
You were a lightning-filled tempest!
You visited 17 branches of the dungeon, and saw 81 of its levels.
You visited Pandemonium 2 times, and saw 21 of its levels.
You visited the Abyss 2 times.
You also visited: Ice Cave.

You collected 15175 gold pieces.
You spent 8713 gold pieces at shops.

Inventory:

Jewellery
 n - the ring of Exkola Doki {Fly rPois Int-4 SInv Stlth+}
   (You found it on level 3 of the Elven Halls)

   [ring of flight]

   Int-4:     It affects your intelligence (-4).
   rPois:     It protects you from poison SInv: It lets you see invisible.
   Fly:       It grants you flight.
   Stlth+:    It makes you more stealthy.
 w - the amulet "Jirreaff" (around neck) {rF+ Regen+ rCorr Int-3}
   (You found it on level 3 of the Elven Halls)

   [amulet of regeneration]

   Int-3:     It affects your intelligence (-3).
   rF+:       It protects you from fire.
   Regen+:    It increases your rate of health regeneration.
   rCorr:     It protects you from acid and corrosion.
 y - a ring of willpower
 z - a ring of protection from cold
 M - the ring "Biruuru" (right paw) {rF+ rC+ Int+2 Dex+3}
   (You found it in Pandemonium)

   [ring of protection from cold]

   Int+2:     It affects your intelligence (+2).
   Dex+3:     It affects your dexterity (+3).
   rF+:       It protects you from fire.
   rC+:       It protects you from cold.
 P - the amulet "Jouc" {rC++ Regen+ Str+5}
   (You found it in Pandemonium)

   [amulet of regeneration]

   Str+5:     It affects your strength (+5).
   rC++:      It greatly protects you from cold.
   Regen+:    It increases your rate of health regeneration.
 S - a +6 ring of dexterity
 T - the ring "Noerhor" {rN++ Str+6 Dex+3}
   (You found it on level 3 of the Elven Halls)

   [ring of strength]

   Str+6:     It affects your strength (+6).
   Dex+3:     It affects your dexterity (+3).
   rN++:      It greatly protects you from negative energy.
 V - a ring of protection from fire
 W - the ring of Fenn {Ice Will- Str+9 Int+2 Stlth+}
   (You took it off Josephina on level 3 of the Crypt)

   [ring of ice]

   Ice:       It enhances your ice magic.
   Str+9:     It affects your strength (+9).
   Int+2:     It affects your intelligence (+2).
   rF-:       It makes you vulnerable to fire.
   rC+:       It protects you from cold.
   Will-:     It decreases your willpower.
   Stlth+:    It makes you more stealthy.
 X - the ring of Ohonlola (left paw) {Fly rElec rN+ Dex+5 Slay-5}
   (You found it on level 3 of the Crypt)

   [ring of positive energy]

   Dex+5:     It affects your dexterity (+5).
   Slay-5:    It affects your accuracy & damage with ranged weapons and melee
   (-5).
   rElec:     It insulates you from electricity.
   rN+:       It protects you from negative energy.
   Fly:       It grants you flight.
Talismans
 x - a granite talisman
 B - the death talisman "Trusted Companion" {Will++ Dex-4}
   (You found it on level 3 of the Crypt)

   [talisman of death]

   Dex-4:     It affects your dexterity (-4).
   Will++:    It greatly increases your willpower.
 R - a storm talisman (active)
Wands
 i - a wand of roots (87)
 t - a wand of paralysis (116)
 G - a wand of mindburst (39)
 I - a wand of acid (61)
 L - a wand of digging (19)
Scrolls
 b - 7 scrolls of immolation
 d - 2 scrolls of silence
 g - 4 scrolls of revelation
 h - 3 scrolls of summoning
 m - 14 scrolls of poison
 o - 8 scrolls of teleportation
 p - 8 scrolls of noise
 u - 6 scrolls of fog
 C - 3 scrolls of blinking
 E - 3 scrolls of torment
 J - 7 scrolls of amnesia
 K - 6 scrolls of vulnerability
 Z - 5 scrolls of fear
Potions
 a - 8 potions of attraction
 e - 8 potions of enlightenment
 f - 14 potions of might
 j - 12 potions of haste
 k - 10 potions of brilliance
 l - 16 potions of heal wounds
 r - 37 potions of curing
 s - 6 potions of resistance
 v - 6 potions of magic
 A - 11 potions of lignification
 D - 4 potions of berserk rage
 F - 8 potions of invisibility
 H - 6 potions of ambrosia
 O - 10 potions of mutation
 Q - 9 potions of cancellation
Miscellaneous
 c - a condenser vane
 q - a figurine of a ziggurat
 N - the horn of Geryon
 U - a lightning rod (4/4)
 Y - a phantom mirror


   Skills:
 O Level 27 Fighting
 O Level 27 Dodging
 + Level 22.7 Stealth
 + Level 26.9 Unarmed Combat
 - Level 8.0 Spellcasting
 - Level 8.0 Necromancy
 O Level 27 Invocations
 - Level 10.0 Evocations
 O Level 27 Shapeshifting


You had 39 spell levels left.
You knew the following spells:

 Your Spells              Type           Power      Damage    Failure   Level
a - Fugue of the Fallen   Necr           49%        N/A       2%          3

Your spell library contained the following spells:

 Spells                   Type           Power      Damage    Failure   Level
 Necrotise                Necr           100%       1d9       1%          1
 Vampiric Draining        Necr           49%        2d9       2%          3
 Animate Dead             Necr           49%        N/A       5%          4
 Dispel Undead            Necr           49%        3d18      5%          4
 Cigotuvi's Dreadful Rot  Necr/Alch/Air  46%        N/A       8%          2
 Apportation              Tloc           18%        N/A       13%         1
 Freeze                   Ice            36%        1d5       13%         1
 Magic Dart               Conj           36%        1d4       13%         1
 Shock                    Conj/Air       36%        1d5       13%         1
 Slow                     Hex            36%        N/A       13%         1
 Sting                    Conj/Alch      36%        1d5       13%         1
 Summon Small Mammal      Summ           36%        N/A       13%         1
 Curse of Agony           Necr           49%        N/A       14%         5
 Ensorcelled Hibernation  Hex/Ice        18%        N/A       21%         2
 Jinxbite                 Hex            18%        N/A       21%         2
 Lesser Beckoning         Tloc           18%        N/A       21%         2
 Mercury Vapours          Alch/Air       18%        N/A       21%         2
 Momentum Strike          Conj/Tloc      18%        3d8       21%         2
 Scorch                   Fire           18%        2d5       21%         2
 Searing Ray              Conj           18%        2d5       21%         2
 Anguish                  Hex/Necr       14%        N/A       24%         4
 Martyr's Knell           Necr/Summ      29%        N/A       24%         4
 Call Canine Familiar     Summ           9%         N/A       34%         3
 Confusing Touch          Hex            9%         N/A       34%         3
 Dazzling Flash           Conj/Hex       18%        N/A       34%         3
 Frozen Ramparts          Ice            18%        1d3       34%         3
 Gell's Gravitas          Tloc           9%         N/A       34%         3
 Hailstorm                Conj/Ice       9%         3d6       34%         3
 Inner Flame              Hex/Fire       9%         N/A       34%         3
 Mephitic Cloud           Conj/Alch/Air  9%         N/A       34%         3
 Ozocubu's Armour         Ice            9%         N/A       34%         3
 Passwall                 Erth           9%         N/A       34%         3
 Sigil of Binding         Hex            9%         N/A       34%         3
 Stone Arrow              Conj/Erth      18%        3d8       34%         3
 Summon Ice Beast         Ice/Summ       9%         N/A       34%         3
 Swiftness                Air            9%         N/A       34%         3
 Teleport Other           Tloc           9%         N/A       34%         3
 Tukima's Dance           Hex            9%         N/A       34%         3
 Borgnjor's Vile Clutch   Necr/Erth      14%        N/A       52%         5
 Death Channel            Necr           24%        N/A       54%         6
 Airstrike                Air            4%         2d(1-17)  73%         4
 Cause Fear               Hex            4%         N/A       73%         4
 Flame Wave               Conj/Fire      9%         2d6       73%         4
 Fulminant Prism          Conj/Alch      4%         3d5       73%         4
 Ignite Poison            Fire/Alch      9%         N/A       73%         4
 Iskenderun's Mystic Bla  Conj/Tloc      9%         2d4       73%         4
 Leda's Liquefaction      Alch/Erth      4%         N/A       73%         4
 Manifold Assault         Tloc           9%         N/A       73%         4
 Olgreb's Toxic Radiance  Alch           9%         N/A       73%         4
 Petrify                  Alch/Erth      9%         N/A       73%         4
 Sticky Flame             Fire/Alch      9%         2d5       73%         4
 Summon Blazeheart Golem  Fire/Summ      9%         N/A       73%         4
 Vhi's Electric Charge    Tloc/Air       18%        N/A       73%         4
 Alistair's Intoxication  Alch           6%         N/A       96%         5
 Arcjolt                  Conj/Air       4%         1d14      96%         5
 Fireball                 Conj/Fire      4%         3d4       96%         5
 Freezing Cloud           Conj/Ice/Air   4%         6-21      96%         5
 Lee's Rapid Deconstruct  Erth           4%         3d5*      96%         5
 Metabolic Englaciation   Hex/Ice        4%         N/A       96%         5
 Silence                  Hex/Air        4%         N/A       96%         5
 Summon Forest            Summ/Tloc      4%         N/A       96%         5
 Summon Mana Viper        Hex/Summ       9%         N/A       96%         5
 Yara's Violent Unravell  Hex/Alch       4%         3d4       96%         5
 Dispersal                Tloc           4%         N/A       100%        6
 Sculpt Simulacrum        Ice/Alch       4%         N/A       100%        6
 Summon Cactus Giant      Summ           4%         N/A       100%        6
 Enfeeble                 Hex            4%         N/A       100%        7
 Haunt                    Necr/Summ      14%        N/A       100%        7
 Malign Gateway           Summ/Tloc      4%         N/A       100%        7
 Monstrous Menagerie      Summ           4%         N/A       100%        7
 Orb of Destruction       Conj           4%         9d5       100%        7
 Ozocubu's Refrigeration  Ice            4%         4d8       100%        7
 Spellforged Servitor     Conj/Summ      4%         N/A       100%        7
 Borgnjor's Revivificati  Necr           24%        N/A       100%        8
 Discord                  Hex            4%         N/A       100%        8
 Disjunction              Tloc           4%         N/A       100%        8
 Ignition                 Fire           4%         3d4       100%        8
 Lehudib's Crystal Spear  Conj/Erth      4%         10d3      100%        8
 Maxwell's Capacitive Co  Air            4%         ∞         100%        8
 Summon Horrible Things   Summ           4%         N/A       100%        8
 Chain Lightning          Conj/Air       4%         3d6       100%        9
 Death's Door             Necr           24%        N/A       100%        9
 Dragon's Call            Summ           4%         N/A       100%        9
 Fire Storm               Conj/Fire      4%         8d1       100%        9
 Polar Vortex             Ice            4%         N/A       100%        9
 Shatter                  Erth           4%         3d8*      100%        9
 Animate Armour           Summ/Erth      Unusable   N/A       N/A         4
 Dimensional Bullseye     Hex/Tloc       Unusable   N/A       N/A         4

Dungeon Overview and Level Annotations

Branches:
Dungeon (15/15)            Temple (1/1) D:7            Lair (5/5) D:9
 Shoals (4/4) Lair:3        Snake (4/4) Lair:3        Slime (5/5) Lair:5
    Orc (2/2) D:9             Elf (3/3) Orc:2        Vaults (5/5) D:13
  Crypt (3/3) Vaults:3       Tomb (3/3) Crypt:3      Depths (4/4) D:15
   Hell (visited)             Dis (0/7) Hell            Geh (7/7) Hell
    Coc (7/7) Hell            Tar (7/7) Hell            Zot (5/5) Depths:4
  IceCv (visited)

Altars:
Ashenzari
Cheibriados
Dithmenos
Elyvilon
Fedhas
Gozag
Hepliaklqana
Kikubaaqudgha
Makhleb
Nemelex Xobeh
Okawaru
Qazlal
Ru
Sif Muna
Trog
Uskayaw
Vehumet
Wu Jian
Xom
Yredelemnul
Zin
The Shining One
Jiyva

Shops:
D:8 *   D:13 *   Orc:2 !!?=:   Elf:1 :   Shoals:1 *(   Shoals:3 [
Snake:2 ((((   Vaults:1 (   Vaults:3 (   Vaults:4 =   Vaults:5 !*!?!?!?!
Depths:4 [[[

Portals:
Hell: Depths:1 Depths:2 Depths:3 Depths:4
Abyss: Depths:1 Depths:3
Pandemonium: Depths:2
Ziggurat: Depths:4
Trove: Depths:4 (give 2 scrolls of acquirement)

Annotations:
D:5 3 runed translucent doors, Azoth's ghost, novice OpSh
D:8 1 runed translucent door, BigPumpCobain's ghost, novice TrSh
D:11 3 runed translucent doors, exclusion: obsidian statue, Livid's ghost, journeyman DgHu
D:12 4 runed translucent doors
D:14 1 runed translucent door, Buti's ghost, journeyman MiBe
Shoals:4 3 runed translucent doors, Bai Suzhen; dingleboss's ghost, adept FeSu
Snake:3 3 runed translucent doors, Taelin's ghost, adept TrEE
Elf:2 3 runed translucent doors
Vaults:1 1 runed translucent door, Pixtaico's ghost, adept FeNe
Crypt:2 1 transporter


Innate Abilities, Weirdness & Mutations

You are a lightning-filled tempest!
Your electrical attacks strike out in all directions at once.
You are incredibly evasive.
Your insubstantial body is immune to petrification, constriction, and being set on fire You are flying.
You are immune to poison.
((You have sharp claws.))
((You have razor-sharp teeth.))
You have supernaturally acute eyesight. (SInv)
((Your thick and shaggy fur keeps you warm. (AC +3, rC+)))
((Your paws help you pounce on unaware monsters.))
You are incapable of wielding weapons or throwing items.
You cannot wear armour.
You gain extra lives every three experience levels.
((You have a pair of small horns on your head.))
You are clumsy. (Dex -2)
Your muscles are strong. (Str +4, Int/Dex -1)
Your spells are a little harder to cast, but a little more powerful.
You expend magic power (3 MP) to strengthen your wands.


Message History

What level of the Dungeon? (default 1, ? - help)
There is a stone staircase leading up here.
You fly upwards.
There is a stone staircase leading down here.
There is a stone staircase leading up here.
You fly upwards.
Level annotation: 3 runed translucent doors, Azoth's ghost, novice OpSh
There is a stone staircase leading down here.
There is an open door, spattered with blood here.
There is a stone staircase leading up here.
You fly upwards.
There is a stone staircase leading down here.
Your extra speed is starting to run out.
You feel yourself slow down.
There is a stone staircase leading up here.
You fly upwards.
There is a stone staircase leading down here.
There is a stone staircase leading up here.
You fly upwards.
There is a stone staircase leading down here.
A Hell Sentinel comes into view.
Okay, then.
The Hell Sentinel moves out of view.
Okay, then.
You feel yourself speed up.
As you read the scroll of teleportation, it crumbles to dust.
You feel strangely unstable.
You feel the Orb delaying your translocation!
Your surroundings suddenly seem different.
What level of the Dungeon? (default 1, ? - help)
There is a stone staircase leading up here.
You fly upwards.
There is a stone staircase leading down here.
What level of the Dungeon? (default 1, ? - help)
Your extra speed is starting to run out.
You reach down and open the door.
There is an open door here.
You feel yourself slow down.
There is a staircase leading out of the dungeon here.
You have escaped!

###### #....# #######
#....#### #.....##
#####.......#######
.......##
#.#v#....##...(...#
........#
#§#.#############.#
........# ###.#.#
#.........#.##
........# ##..§#.#
#.........#...
........#
#..###.###.........###.
.>......# #.##
#..######.##### #.
........###.####...##
#.# ##
........##..#..'....##
#.########
...........##.##..~..#
#.........


There were no monsters in sight!

Vanquished Creatures
  Cerebov (Pan)
  Antaeus (Coc:7)
  Asmodeus (Geh:7)
  the Royal Jelly (Slime:5)
  Mnoleg (Pan)
  Ereshkigal (Tar:7)
  the Serpent of Hell (Geh:7)
  A seraph (Pan)
  Gloorx Vloq (Pan)
  Lom Lobon (Pan)
  5 dread liches
  An ancient lich (Crypt:2)
  Khufu (Tomb:3)
  Frederick (Depths:4)
  9 orbs of fire
  Xtahua (Depths:4)
  Josephina (Crypt:3)
  34 royal mummies
  7 shard shrikes
  3 pandemonium lords (Pan)
  Parghit (Zot:2)
  Saint Roka (Elf:2)
  4 Killer Klowns
  Vashnia (Snake:3)
  2 curse toes
  Geryon (Hell)
  7 golden dragons
  the Enchantress (Depths:1)
  4 profane servitors
  10 bone dragons
  11 doom hounds
  8 Brimstone Fiends
  15 Tzitzimimeh
  3 electric golems
  A Hell Sentinel (D:7)
  Zenata (Crypt:3)
  25 Orb Guardians (Zot:5)
  9 tainted leviathans
  9 hellephants
  17 Ice Fiends
  21 tentacled monstrosities
  2 deep elf blademasters (Elf:3)
  10 liches
  Asterion (Depths:1)
  6 quicksilver dragons
  14 searing wretches
  14 titans
  4 deep elf master archers (Elf:3)
  5 krakens
  23 acid blobs
  14 sphinxes
  8 tentacled starspawn
  16 ancient champions
  21 Executioners
  12 shadow dragons
  Kirke (D:12)
  Aizul (Snake:1)
  6 death cobs
  Gastronok (D:8)
  5 demonspawn warmongers (Pan)
  11 storm dragons
  9 azure jellies
  9 draconian monks
  7 tengu reavers
  14 rockslimes
  9 draconian knights
  6 revenants
  6 nagarajas
  11 protean progenitors
  2 fenstrider witches (Pan)
  12 daevas
  11 vault wardens
  8 fire giants
  3 narguns
  A caustic shrike zombie (Crypt:3)
  7 iron dragons
  11 draconian shifters
  2 frost giants
  3 shard shrike simulacra
  10 ghouls
  9 deep elf sorcerers
  13 draconian scorchers
  25 balrugs
  6 deep elf elementalists
  A spectral juggernaut (Tar:4)
  3 ghost moths
  25 reapers
  5 curse skulls
  12 demonspawn corrupters
  2 draconian stormcallers
  3 formless jellyfish
  A juggernaut zombie (Depths:2)
  7 ironbound thunderhulks
  25 cacodemons
  8 demonspawn blood saints
  5 spriggan defenders
  24 very ugly things
  22 angels (Pan)
  14 draconian annihilators
  13 quicksilver oozes
  6 caustic shrike skeletons (Pan)
  17 stone giants
  15 ironbound preservers
  2 juggernaut skeletons
  9 ophanim (Pan)
  An orc warlord (Vaults:3)
  A deep elf demonologist (Vaults:5)
  12 putrid mouths
  9 apis (Pan)
  10 bennus
  17 elemental wellsprings
  9 lorocyprocas (Pan)
  9 black draconians
  10 demonspawn black suns (Pan)
  11 deep elf death magi
  10 wendigos
  14 green draconians
  12 purple draconians
  8 vampire knights
  14 yellow draconians
  16 spark wasps
  24 red draconians
  18 white draconians
  7 starcursed masses
  15 dire elephants
  3 war gargoyles (Vaults:5)
  Azrael (D:12)
  6 deep elf annihilators
  8 eidola
  A crystal guardian (Vaults:3)
  2 spectral quicksilver dragons (Tar:5)
  10 ettins
  A quicksilver dragon zombie (Depths:2)
  12 blizzard demons
  23 jiangshi
  3 entropy weavers
  4 merfolk javelineers
  15 yaktaur captains
  19 mummy priests
  5 merfolk impalers
  A spectral spriggan (Tar:2)
  11 green deaths
  A spriggan zombie (Hell)
  14 deep elf high priests
  37 vault guards
  13 fire dragons
  An ice dragon (shapeshifter) (Vaults:5)
  3 rakshasas
  9 caustic shrike simulacra
  Erolcha (D:12)
  8 juggernaut simulacra
  6 hydras
  A peacekeeper (Vaults:3)
  7 spriggan air magi
  3 ice dragons
  5 hell beasts
  2 jorogumos (Zot:4)
  A quicksilver dragon skeleton (Tomb:2)
  11 great orbs of eyes
  4 stokers
  14 salamander tyrants
  2 spriggan skeletons
  17 centaur warriors
  2 ogre magi
  6 boulder beetles
  5 ironbound frosthearts
  12 anacondas
  2 radroaches
  2 alligators (Zot:4)
  7 merfolk aquamancers
  6 death knights
  6 deep troll shamans
  2 merfolk avatars (Shoals:4)
  4 two-headed ogres
  10 naga warriors
  4 alligator snapping turtles
  8 death yaks
  77 death scarabs
  6 deep troll earth magi (Depths:3)
  4 thrashing horrors (Abyss:3)
  10 tengu warriors
  2 occultists
  8 vampire magi
  3 spectral emperor scorpions (Pan)
  12 dancing weapons
  22 hell hogs
  5 demonic crawlers
  13 naga sharpshooters
  A spectral naga (Tar:1)
  5 orc high priests
  A titan zombie (Tomb:3)
  2 spectral dire elephants (Tar:2)
  2 shock serpents (shapeshifter)
  13 shock serpents
  2 storm dragon zombies
  6 spriggan berserkers
  2 hell knights
  An emperor scorpion zombie (Crypt:1)
  19 deep elf knights
  25 sixfirhies
  Amaemon (D:8)
  8 skysharks
  3 salamander mystics
  32 soul eaters
  48 sun demons
  23 shadow wraiths
  A spatial maelstrom (Abyss:3)
  4 iron trolls
  47 skeletal warriors
  16 sea snakes
  2 goliath frogs (Pan)
  2 hellephant skeletons (Pan)
  A spectral minotaur (Tar:1)
  A fire crab (shapeshifter) (Vaults:5)
  2 glowing orange brains (Abyss:4)
  5 quicksilver dragon simulacra
  46 deep trolls
  2 golden dragon zombies
  5 naga ritualists
  6 sun moths (Pan)
  18 shadow demons
  11 flayed ghosts
  13 cherubim (Pan)
  3 spriggan simulacra
  13 mana vipers
  5 arcanists
  An anaconda skeleton (Crypt:2)
  A bog body (Crypt:2)
  11 lindwurms
  21 phantasmal warriors
  A lindwurm (shapeshifter) (Depths:1)
  20 harpies
  26 deep elf pyromancers
  19 ironbound convokers
  14 deep elf archers
  10 orc knights
  28 deep elf zephyrmancers
  10 necromancers
  8 orc sorcerers
  2 shining eyes (shapeshifter)
  2 harpies (shapeshifter) (D:15)
  7 shining eyes
  9 cyclopes
  6 salamanders
  31 ugly things
  15 fauns
  43 large abominations
  An iron dragon zombie (Depths:3)
  A salamander (shapeshifter) (Depths:3)
  2 fenstrider witch simulacra (Hell)
  A faun (shapeshifter) (D:15)
  9 manticores
  A spectral alligator snapping turtle (Tar:2)
  2 fire giant skeletons
  3 dire elephant zombies
  3 apocalypse crabs
  A meliai (D:15)
  A spectral centaur (Tar:2)
  22 black mambas
  27 moths of wrath
  9 merfolk sirens
  10 naga magi
  97 slime creatures
  A worldbinder (Abyss:1)
  6 guardian serpents
  5 molten gargoyles (Geh:7)
  6 kobold blastminers (Orc:2)
  A guardian serpent (shapeshifter) (Depths:2)
  3 rust devils
  A water nymph (shapeshifter) (Vaults:5)
  7 elephants
  16 orange demons
  20 vault sentinels
  8 water nymphs
  21 smoke demons
  5 titan simulacra
  5 eyes of devastation
  A torpor snail (Lair:5)
  2 torpor snails (shapeshifter)
  2 gargoyles (D:12)
  9 cane toads
  30 hellions
  Maggie (D:7)
  A dire elephant skeleton (Tomb:3)
  2 unseen horrors
  A yaktaur zombie (Vaults:2)
  5 naga skeletons
  A cane toad (shapeshifter) (D:14)
  19 tormentors
  17 yaktaurs
  5 rime drakes
  6 freezing wraiths
  7 komodo dragons
  A bunyip simulacrum (Crypt:3)
  5 kobold demonologists
  2 alligator snapping turtle skeletons
  4 ice devils
  3 anaconda simulacra
  3 efreet
  2 harpy zombies
  A grey draconian skeleton (Crypt:2)
  39 guardian mummies
  A death drake zombie (Crypt:1)
  3 iron giant simulacra (Coc:7)
  2 tengu conjurers
  2 silent spectres
  A green draconian skeleton (Crypt:2)
  2 polar bears (shapeshifter) (D:15)
  5 red devils
  4 golden dragon simulacra
  11 trolls
  2 wind drakes
  28 merfolk
  A tyrant leech (Abyss:3)
  4 ancient zymes
  A queen bee (shapeshifter) (D:15)
  A shadow dragon simulacrum (Coc:1)
  6 polar bears
  27 hellwings
  An alligator simulacrum (Coc:1)
  3 spectral harpies (Tar:2)
  A wolf spider simulacrum (D:15)
  9 snapping turtles
  A tarantella zombie (Crypt:1)
  11 hornets
  12 blink frogs
  3 glass eyes
  A raiju (shapeshifter) (D:15)
  6 saltlings (Orc:2)
  A stone giant simulacrum (Coc:3)
  4 iron dragon simulacra
  Prince Ribbit (D:5)
  A harpy skeleton (Tomb:2)
  An ettin zombie (Tomb:3)
  7 dream sheep (Lair:5)
  A jumping spider (Vaults:4)
  A frost giant simulacrum (Vaults:2)
  2 snapping turtles (shapeshifter) (D:15)
  An air elemental (Abyss:3)
  A black mamba zombie (Crypt:1)
  36 small abominations
  18 spriggans
  10 water elementals
  2 shadows
  2 wyverns
  19 ushabtiu
  20 ynoxinuls
  9 basilisks
  5 dire elephant simulacra
  3 naga simulacra
  79 yaks
  An ettin skeleton (Vaults:2)
  A centaur simulacrum (Crypt:3)
  A redback (Vaults:4)
  An alligator snapping turtle simulacrum (Crypt:3)
  4 golden eyes
  8 wraiths
  A hog (shapeshifter) (Elf:1)
  Grum (D:8)
  20 vampire mosquitoes
  2 fire bats (Abyss:2)
  A warg (Vaults:5)
  2 hogs (D:12)
  13 neqoxecs
  2 steam dragons
  3 fire elementals
  A redback simulacrum (D:15)
  A human simulacrum (Vaults:2)
  17 chaos spawn
  11 harpy simulacra
  A swamp worm (shapeshifter) (D:15)
  A naga (shapeshifter) (D:15)
  31 nagas
  2 naga zombies
  10 water moccasins
  11 hell hounds
  An acid dragon (D:12)
  23 orc warriors
  2 cane toad skeletons
  A sky beast (D:6)
  5 black bears
  A swamp dragon zombie (Crypt:2)
  3 ettin simulacra
  25 wolves
  42 laughing skulls
  9 ogres
  3 boggarts (Lair:5)
  9 centaurs
  A phantom (D:5)
  An elf simulacrum (Vaults:2)
  8 weeping skulls (Abyss:4)
  4 kobold brigands
  2 elf zombies (Elf:1)
  7 brain worms
  A rime drake skeleton (Crypt:2)
  5 necrophages
  10 bullfrogs
  3 earth elementals
  3 gnoll sergeants
  3 scorpions
  4 burial acolytes (Crypt:3)
  11 killer bees
  A shapeshifter zombie (Crypt:2)
  10 jellies
  3 howler monkeys (D:9)
  5 electric eels (D:12)
  2 bombardier beetles
  4 hounds
  17 orc priests
  A gnoll bouda (D:8)
  A human skeleton (Crypt:2)
  2 sleepcaps
  3 iguanas
  22 orc wizards
  45 mummies
  Robin (D:3)
  19 gnolls
  7 adders
  A shadow imp (D:6)
  2 white imps
  7 ufetubi
  2 dart slugs
  56 orcs
  2 ball pythons
  3 endoplasms
  A giant cockroach (D:4)
  14 goblins
  8 hobgoblins
  6 jackals (D:3)
  17 kobolds
  A quokka (D:4)
  A ball python zombie (Crypt:1)
  8 bats
  A dart slug zombie (Crypt:1)
  3 frilled lizards
  3 rats
  6 aspiring fleshes
  A ball lightning (Pan)
  2 creeping infernos
  7 fire vortices
  4 starspawn tentacles (Abyss:3)
  8 tentacles
3723 creatures vanquished.

Vanquished Creatures (collateral kills)
  Mara (Shoals:4)
  A salamander tyrant (Snake:2)
  A naga sharpshooter (Snake:2)
  A shock serpent (Snake:2)
  A mana viper (Snake:2)
  A moth of wrath (Zot:2)
  2 salamanders (Snake:2)
  A merfolk (Shoals:4)
  3 dream sheep (Shoals:4)
  A yak (D:9)
  A naga (Snake:2)
  A howler monkey (D:9)
  An orc priest (D:3)
  An orc wizard (D:3)
  A goblin (D:3)
18 creatures vanquished.

Vanquished Creatures (others)
  A hellephant (Geh:7)
  An Ice Fiend (Pan)
  An eldritch tentacle (Pan)
  A draconian knight (Zot:2)
  2 shard shrike simulacra (Coc:7)
  A balrug (Pan)
  A wendigo (Coc:7)
  A deep elf demonologist (Elf:3)
  A purple draconian (Zot:2)
  A merfolk avatar (Shoals:4)
  A vault guard (Vaults:5)
  A naga sharpshooter (Snake:3)
  A thrashing horror (Abyss:4)
  2 deep elf knights (Elf:2)
  2 deep elf pyromancers
  A deep elf zephyrmancer (Elf:3)
  A moth of wrath (Zot:3)
  A titan simulacrum (Hell)
  A smoke demon (Pan)
  A chaos spawn (Pan)
  3 harpy simulacra
  An ettin simulacrum (Coc:7)
  An orc priest (Elf:2)
  An orc wizard (D:10)
  3 orcs
  A kobold (D:12)
  8 ball lightnings (Pan)
  A creeping inferno (Geh:7)
  6 starspawn tentacles
  13 tentacles
61 creatures vanquished.

Grand Total: 3802 creatures vanquished

Notes
Turn   | Place    | Note
-------+----------+-------------------------------------------
     0 | D:1      | bakla the Felid Chaos Knight began the quest for the Orb.
     0 | D:1      | Reached XP level 1. HP: 12/12 MP: 2/2
   158 | D:1      | Reached XP level 2. HP: 15/16 MP: 3/3
   671 | D:2      | Found a stormy altar of Qazlal.
   847 | D:2      | XOM: god gift: scroll of poison
   916 | D:2      | Identified the +2 dagger of Frustration {flame, rCorr}
  1125 | D:3      | XOM: 1-stop teleportation journey
  1135 | D:3      | Reached XP level 3. HP: 20/20 MP: 4/4
  1246 | D:3      | Found a hide-covered altar of Uskayaw.
  1316 | D:4      | Noticed an ogre
  1316 | D:4      | Noticed an ogre
  1316 | D:4      | an ogre changed into an adder
  1316 | D:4      | XOM: polymorph ogre -> adder
  1326 | D:3      | Reached skill level 1 in Shapeshifting
  1326 | D:3      | Reached XP level 4. HP: 10/25 MP: 5/5
  1326 | D:3      | Gained a life (2 lives remaining)
  1459 | D:3      | Identified a scroll of acquirement
  1460 | D:3      | Acquired a manual of Evocations
  1552 | D:3      | Noticed Robin
  1571 | D:3      | Killed Robin
  1705 | D:3      | Reached skill level 1 in Evocations
  1714 | D:3      | Found an ancient bone altar of Kikubaaqudgha.
  1955 | D:4      | Found an ornate altar of the Wu Jian Council.
  1972 | D:4      | Found a white marble altar of Elyvilon.
  1976 | D:4      | Fell from the grace of Xom
  1976 | D:4      | Became a worshipper of the Wu Jian Council
  2227 | D:4      | Reached XP level 5. HP: 24/29 MP: 6/6
  2232 | D:4      | Splashed by a jelly's acid
  2232 | D:4      | Lost a life (1 life remaining)
  2300 | D:4      | Noticed a black bear
  2306 | D:4      | Killed a black bear
  2338 | D:4      | XOM: give mutations
  2338 | D:4      | Gained mutation: You have hidden genetic potential. [Xom's
                  | mischief]
  2338 | D:4      | Gained mutation: You are weak. (Str -2) [Xom's mischief]
  2338 | D:4      | Gained mutation: Your flesh is heat resistant. (rF+) [Xom's
                  | mischief]
  2422 | D:4      | Reached skill level 5 in Dodging
  2422 | D:4      | Gained mutation: You are covered in thick fur. (AC +2)
                  | [Felid growth]
  2422 | D:4      | Reached XP level 6. HP: 32/33 MP: 7/7
  2423 | D:4      | Identified the +0 robe of the Lair of Beasts {*Corrode Fly
                  | rPois Regen+}
  2811 | D:4      | XOM: summons 13 hostile demons
  2812 | D:4      | Noticed a neqoxec
  2812 | D:4      | Noticed a sixfirhy
  2812 | D:4      | Noticed a red devil
  2894 | D:4      | XOM: give mutations
  2894 | D:4      | Gained mutation: You occasionally lose the ability to read
                  | scrolls when taking damage. [Xom's mischief]
  2894 | D:4      | Lost mutation: You are weak. (Str -2) [Xom's mischief]
  2894 | D:4      | Lost mutation: Your flesh is heat resistant. (rF+) [Xom's
                  | mischief]
  2894 | D:4      | Gained mutation: You sometimes lose your temper in combat.
                  | [Xom's mischief]
  2971 | D:4      | Gained mutation: You have very sharp fingernails. [hidden
                  | potential]
  2977 | D:4      | XOM: torment (15/34 hp)
  2991 | D:5      | Entered Level 5 of the Dungeon
  3146 | D:5      | Noticed a water moccasin
  3156 | D:5      | Killed a water moccasin
  3157 | D:5      | Reached XP level 7. HP: 37/38 MP: 8/8
  3157 | D:5      | Gained a life (2 lives remaining)
  3208 | D:5      | XOM: 2-stop teleportation journey
  3225 | D:5      | Noticed Prince Ribbit
  3225 | D:5      | Noticed a yak
  3225 | D:5      | Noticed a yak
  3225 | D:5      | Noticed a yak
  3225 | D:5      | Noticed a yak
  3228 | D:5      | Noticed a yak
  3229 | D:5      | Killed a yak
  3229 | D:5      | Noticed a yak
  3234 | D:5      | Killed a yak
  3235 | D:5      | Reached skill level 5 in Fighting
  3235 | D:5      | Reached skill level 5 in Unarmed Combat
  3235 | D:5      | Reached skill level 5 in Evocations
  3240 | D:5      | Slain by Prince Ribbit
  3240 | D:5      | Lost a life (1 life remaining)
  3241 | D:5      | Gained mutation: Your skin changes colour to match your
                  | surroundings (Stealth+). [hidden potential]
  3241 | D:5      | Lost mutation: You have hidden genetic potential. [hidden
                  | potential expressed]
  3253 | D:5      | Killed a yak
  3254 | D:5      | Reached XP level 8. HP: 43/43 MP: 9/9
  3293 | D:5      | Killed Prince Ribbit
  3609 | D:5      | Found a runed translucent gate.
  3609 | D:5      | Found a runed translucent gate.
  3609 | D:5      | Found a runed translucent gate.
  3613 | D:5      | Noticed Azoth's ghost (novice OpSh)
  4224 | D:5      | XOM: give mutations
  4224 | D:5      | Gained mutation: You are partially covered in iridescent
                  | scales. (AC +2) [Xom's mischief]
  4224 | D:5      | Gained mutation: Your muscles are strong. (Str +4, Int/Dex
                  | -1) [Xom's mischief]
  4224 | D:5      | Gained mutation: You are clumsy. (Dex -2) [Xom's mischief]
  4224 | D:5      | Gained mutation: Your magical capacity is low. (-10% MP)
                  | [Xom's mischief]
  4411 | D:6      | Reached skill level 1 in Stealth
  4411 | D:6      | Reached XP level 9. HP: 46/48 MP: 9/9
  4421 | D:6      | Reached * piety under Wu Jian
  4864 | D:7      | Noticed a kobold demonologist
  4932 | D:7      | Found a shimmering altar of Xom.
  5013 | D:7      | Noticed Maggie
  5032 | D:7      | Killed Maggie
  5131 | D:7      | XOM: give mutations
  5131 | D:7      | Lost mutation: Your magical capacity is low. (-10% MP)
                  | [Xom's mischief]
  5131 | D:7      | Lost mutation: You have very sharp fingernails. [Xom's
                  | mischief]
  5131 | D:7      | Lost mutation: Your muscles are strong. (Str +4, Int/Dex
                  | -1) [Xom's mischief]
  5263 | D:7      | Found a staircase to the Ecumenical Temple.
  5702 | D:8      | Reached ** piety under Wu Jian
  5748 | D:8      | Found a runed translucent door.
  5750 | D:8      | Noticed BigPumpCobain's ghost (novice TrSh)
  5751 | D:8      | Noticed Amaemon
  5751 | D:8      | Noticed an orange demon
  5763 | D:8      | Asphyxiated
  5763 | D:8      | Lost a life (0 lives remaining)
  5839 | D:8      | Found Viorait's Assorted Antiques.
  5844 | D:8      | Bought a runed tourmaline ring for 140 gold pieces
  5866 | D:8      | XOM: noise
  6069 | D:8      | Reached skill level 5 in Shapeshifting
  6106 | D:8      | Noticed Gastronok
  6121 | D:8      | Killed Gastronok
  6122 | D:8      | Reached skill level 5 in Stealth
  6122 | D:8      | Reached XP level 10. HP: 41/55 MP: 11/11
  6122 | D:8      | Gained a life (1 life remaining)
  6192 | D:8      | Noticed Grum
  6207 | D:8      | Killed Grum
  6261 | D:8      | XOM: give mutations
  6261 | D:8      | Gained mutation: You are very clumsy. (Dex -4) [Xom's
                  | mischief]
  6261 | D:8      | Lost mutation: You occasionally lose the ability to read
                  | scrolls when taking damage. [Xom's mischief]
  6261 | D:8      | Lost mutation: You are partially covered in iridescent
                  | scales. (AC +2) [Xom's mischief]
  6313 | D:8      | Killed an orange demon
  6320 | D:8      | Killed Amaemon
  6321 | D:8      | Reached skill level 10 in Evocations
  6633 | D:8      | XOM: summons 1 hostile shadow creature
  6684 | D:8      | XOM: give mutation
  6684 | D:8      | Lost mutation: Your skin changes colour to match your
                  | surroundings (Stealth+). [Xom's mischief]
  6846 | D:9      | Reached skill level 10 in Dodging
  6951 | D:9      | Reached XP level 11. HP: 60/60 MP: 12/12
  6964 | D:9      | Found a staircase to the Lair.
  7053 | D:9      | Reached *** piety under Wu Jian
  7625 | D:9      | Found a sacrificial altar of Ru.
  7746 | D:9      | Found a staircase to the Orcish Mines.
  7801 | D:10     | Entered Level 10 of the Dungeon
  7852 | D:10     | XOM: noise
  8219 | D:10     | Found a shadowy altar of Dithmenos.
  8439 | D:11     | Noticed a red ugly thing
  8442 | D:11     | Killed a red ugly thing
  8455 | D:11     | XOM: noise
  8575 | D:11     | Noticed a two-headed ogre
  8592 | D:11     | Killed a two-headed ogre
  8623 | D:11     | Noticed a boulder beetle
  8644 | D:11     | Killed a boulder beetle
  8673 | D:11     | XOM: silly message
  8717 | D:11     | Reached **** piety under Wu Jian
  9173 | D:11     | Noticed an obsidian statue
  9174 | D:11     | Found a runed translucent gate.
  9174 | D:11     | Found a runed translucent gate.
  9174 | D:11     | Found a runed translucent gate.
  9174 | D:11     | Found an opulent altar of Gozag.
  9174 | D:11     | Noticed Livid's ghost (journeyman DgHu)
  9174 | D:11     | Noticed a deep elf zephyrmancer
  9383 | D:12     | Found a large runed translucent door.
  9383 | D:12     | Found a large runed translucent door.
  9400 | D:12     | Gained mutation: Your thick and shaggy fur keeps you warm.
                  | (AC +3, rC+) [Felid growth]
  9400 | D:12     | Reached XP level 12. HP: 50/66 MP: 13/13
  9549 | D:12     | Reached skill level 10 in Stealth
  9642 | D:12     | XOM: noise
  9927 | D:12     | XOM: noise
  9932 | D:12     | Noticed Azrael
 10015 | Lair:1   | Entered Level 1 of the Lair of Beasts
 10938 | Lair:1   | XOM: noise
 10995 | Lair:1   | Reached skill level 10 in Fighting
 10995 | Lair:1   | Reached skill level 10 in Unarmed Combat
 11065 | Lair:1   | Identified the scarf of Acwykao {harm, Regen+}
 11391 | Lair:2   | XOM: divination: detect creatures
 11857 | Lair:2   | XOM: cloud trail
 11857 | Lair:2   | Was forgiven by Xom
 12198 | Lair:2   | Reached XP level 13. HP: 72/72 MP: 14/14
 12198 | Lair:2   | Gained a life (2 lives remaining)
 12523 | Lair:3   | Reached ***** piety under Wu Jian
 12963 | Lair:3   | Found a staircase to the Shoals.
 13267 | Lair:3   | Found a staircase to the Snake Pit.
 13337 | Lair:3   | Reached skill level 10 in Shapeshifting
 13957 | Lair:4   | Lost mutation: You are very clumsy. (Dex -4) [potion of
                  | mutation]
 13957 | Lair:4   | Lost mutation: You are clumsy. (Dex -2) [potion of
                  | mutation]
 13957 | Lair:4   | Gained mutation: Your spells are a little harder to cast,
                  | but a little more powerful. [potion of mutation]
 13958 | Lair:4   | Lost mutation: Your spells are a little harder to cast, but
                  | a little more powerful. [potion of mutation]
 13958 | Lair:4   | Lost mutation: You sometimes lose your temper in combat.
                  | [potion of mutation]
 13958 | Lair:4   | Gained mutation: Your muscles are strong. (Str +4, Int/Dex
                  | -1) [potion of mutation]
 13958 | Lair:4   | Gained mutation: You are agile. (Dex +4, Str/Int -1)
                  | [potion of mutation]
 14138 | Lair:4   | Noticed Snorg
 14145 | Lair:4   | Snorg changed into Snorg the unseen horror
 14145 | Lair:4   | Noticed Snorg
 14153 | Lair:4   | Killed Snorg the unseen horror
 14758 | Lair:5   | Entered Level 5 of the Lair of Beasts
 14781 | Lair:5   | Found a viscous altar of Jiyva.
 14781 | Lair:5   | Found a staircase to the Slime Pits.
 14860 | Lair:5   | Reached XP level 14. HP: 34/79 MP: 15/15
 15911 | Lair:5   | Found a hide-covered altar of Uskayaw.
 16551 | D:12     | Found a large runed translucent door.
 16551 | D:12     | Found a large runed translucent door.
 16665 | D:12     | Noticed Kirke
 16678 | D:12     | Killed Kirke
 16759 | D:12     | Noticed Erolcha
 16766 | D:12     | Killed from afar by Azrael
 16766 | D:12     | Lost a life (1 life remaining)
 16777 | D:12     | Killed Erolcha
 16785 | D:12     | Killed Azrael
 17238 | D:13     | Found Niug Kin Qyu's Assorted Antiques.
 17239 | D:13     | Found a gate to the Vaults.
 17305 | D:13     | Bought a large peridot ring for 145 gold pieces
 17466 | D:13     | Found a white marble altar of Elyvilon.
 17630 | D:13     | Learned a level 3 spell: Fugue of the Fallen
 17807 | D:13     | Reached XP level 15. HP: 83/83 MP: 16/16
 18170 | D:14     | Found a runed translucent door.
 18173 | D:14     | Found a shimmering altar of Xom.
 18173 | D:14     | Noticed Buti's ghost (journeyman MiBe)
 18173 | D:14     | Identified the +5 war axe of Zyfras {chaos, Fly}
 18739 | D:15     | Entered Level 15 of the Dungeon
 19035 | D:15     | Reached skill level 15 in Shapeshifting
 19212 | D:15     | Found a staircase to the Depths.
 19712 | D:15     | Identified the ring of Vehumet, Freezing {MP+9 Str-5 Int+3
                  | SInv}
 19986 | D:15     | Got the Discourse on the Charnel House and the Voyage
 20271 | Orc:1    | Entered Level 1 of the Orcish Mines
 20295 | Orc:2    | Entered Level 2 of the Orcish Mines
 20315 | Orc:2    | Found Ysmuypoc's Distillery.
 20501 | Orc:2    | Found a staircase to the Elven Halls.
 20679 | Orc:2    | Found Kiup's Distillery.
 20699 | Orc:2    | Found Wawkisch's Jewellery Shop.
 20744 | Orc:2    | Slain by a sun demon
 20744 | Orc:2    | Lost a life (0 lives remaining)
 21050 | Orc:2    | Reached XP level 16. HP: 88/88 MP: 17/17
 21050 | Orc:2    | Gained a life (1 life remaining)
 21053 | Orc:2    | Found Xaerryppur's Magic Scroll Shop.
 21066 | Orc:2    | Bought a storm talisman for 1280 gold pieces
 21084 | Orc:2    | Found Osucu's Book Boutique.
 21538 | Snake:1  | Entered Level 1 of the Snake Pit
 21726 | Snake:3  | Noticed Vashnia
 21744 | Snake:3  | Killed Vashnia
 21771 | Snake:4  | Entered Level 4 of the Snake Pit
 22281 | Snake:3  | Found a runed translucent gate.
 22281 | Snake:3  | Found a runed translucent gate.
 22281 | Snake:3  | Found a runed translucent gate.
 22286 | Snake:3  | Noticed Taelin's ghost (adept TrEE)
 22900 | Snake:2  | Found Alerraecw's Antique Weapon Emporium.
 22905 | Snake:2  | Found Fech's Antique Weapon Shoppe.
 22905 | Snake:2  | Found Ypluh's Weapon Emporium.
 22908 | Snake:2  | Found Jixaogast's Antique Weapon Shoppe.
 23297 | Orc:2    | Bought a potion of haste for 160 gold pieces
 23297 | Orc:2    | Bought a potion of resistance for 160 gold pieces
 23297 | Orc:2    | Bought a potion of heal wounds for 80 gold pieces
 23297 | Orc:2    | Bought 3 potions of haste for 480 gold pieces
 23369 | Orc:2    | Bought a potion of mutation for 120 gold pieces
 23369 | Orc:2    | Bought a potion of berserk rage for 75 gold pieces
 23369 | Orc:2    | Bought a potion of resistance for 150 gold pieces
 23369 | Orc:2    | Bought a potion of heal wounds for 75 gold pieces
 23830 | Snake:1  | Identified the serpent talisman of Iwer {Int+3}
 23830 | Snake:1  | Noticed Aizul
 23831 | Snake:1  | Killed Aizul
 23847 | Snake:1  | Reached XP level 17. HP: 75/91 MP: 18/18
 24557 | Snake:4  | Noticed a quicksilver dragon
 24560 | Snake:4  | Killed a quicksilver dragon
 25211 | Snake:4  | Got a serpentine rune of Zot
 25391 | Shoals:1 | Entered Level 1 of the Shoals
 25407 | Shoals:1 | Found Basch's Overcharged Wands.
 25422 | Shoals:1 | Lost mutation: You are agile. (Dex +4, Str/Int -1) [potion
                  | of mutation]
 25422 | Shoals:1 | Lost mutation: Your muscles are strong. (Str +4, Int/Dex
                  | -1) [potion of mutation]
 25422 | Shoals:1 | Gained mutation: You have a pair of small horns on your
                  | head. [potion of mutation]
 25422 | Shoals:1 | Gained mutation: You have hidden genetic potential. [potion
                  | of mutation]
 25422 | Shoals:1 | Gained mutation: You expend magic power (3 MP) to
                  | strengthen your wands. [potion of mutation]
 25422 | Shoals:1 | Gained mutation: You are partially covered in iridescent
                  | scales. (AC +2) [potion of mutation]
 25424 | Shoals:1 | Lost mutation: You have hidden genetic potential. [potion
                  | of mutation]
 25424 | Shoals:1 | Lost mutation: You are partially covered in iridescent
                  | scales. (AC +2) [potion of mutation]
 25424 | Shoals:1 | Lost mutation: You have a pair of small horns on your head.
                  | [potion of mutation]
 25424 | Shoals:1 | Gained mutation: You are weak. (Str -2) [potion of
                  | mutation]
 25424 | Shoals:1 | Gained mutation: Your mind is acute. (Int +4, Str/Dex -1)
                  | [potion of mutation]
 25763 | Shoals:1 | Found Cunuih's Weapon Boutique.
 25841 | Shoals:1 | Noticed a kraken
 25846 | Shoals:1 | Killed a kraken
 26081 | Shoals:2 | Noticed a kraken
 26081 | Shoals:2 | Noticed a kraken
 26081 | Shoals:2 | Noticed a kraken
 26081 | Shoals:2 | Noticed a kraken
 26608 | Shoals:2 | Killed a kraken
 26627 | Shoals:2 | Killed a kraken
 26644 | Shoals:2 | Killed a kraken
 26659 | Shoals:2 | Killed a kraken
 26789 | Shoals:2 | Found a glacial archway.
 26804 | IceCv    | Entered an ice cave
 27321 | Shoals:3 | Reached XP level 18. HP: 82/98 MP: 19/19
 27722 | Shoals:3 | Found Otyiguk's Antique Armour Shoppe.
 27950 | Shoals:4 | Entered Level 4 of the Shoals
 27982 | Shoals:4 | Noticed Bai Suzhen
 27989 | Shoals:4 | Found a runed translucent gate.
 28224 | Shoals:4 | HP: 4/86 [alligator snapping turtle (7)]
 28224 | Shoals:4 | Hit by a javelin thrown by a merfolk javelineer
 28224 | Shoals:4 | Lost a life (0 lives remaining)
 28459 | Shoals:4 | Identified the +8 sling of Arbitration {antimagic, +Blink
                  | rC+ Str-4 Stlth+}
 28515 | Shoals:4 | Noticed Mara
 28531 | Shoals:4 | Killed Mara
 28710 | Shoals:4 | Got the Incunabulum of Quantum Convocation
 28718 | Shoals:4 | Found a runed translucent gate.
 28718 | Shoals:4 | Found a runed translucent gate.
 28776 | Shoals:4 | Noticed dingleboss's ghost (adept FeSu)
 29001 | Shoals:4 | Got a barnacled rune of Zot
 29434 | Elf:1    | Entered Level 1 of the Elven Halls
 29479 | Elf:1    | Reached ****** piety under Wu Jian
 29635 | Elf:1    | Found a shimmering blue altar of Sif Muna.
 29781 | Elf:1    | Got Sif Muna's Spellbook of Ectoplasm
 29824 | Elf:1    | Found Tipuh's Self-Published Books.
 30424 | Elf:2    | Found a runed translucent gate.
 30424 | Elf:2    | Found a runed translucent gate.
 30424 | Elf:2    | Found a runed translucent gate.
 30666 | Elf:2    | Reached XP level 19. HP: 103/105 MP: 20/20
 30666 | Elf:2    | Gained a life (1 life remaining)
 30675 | Elf:2    | Noticed Saint Roka
 30692 | Elf:1    | Paralysed by an orc sorcerer for 4 turns
 30802 | Elf:2    | Killed Saint Roka
 31023 | Elf:3    | Entered Level 3 of the Elven Halls
 31547 | Elf:3    | Found a runed translucent door.
 31589 | Elf:3    | Found the +5 Lochaber axe {reach-cleave, Poleaxe ^Drain}
 31733 | Elf:3    | Identified the +8 trident "Gumyhoch" {venom, MP+9 Str+3}
 31739 | Elf:3    | Reached skill level 15 in Fighting
 31917 | Elf:3    | Identified the staff of Bipiosk {rC+ Str+3 Int+2 Ice}
 31918 | Elf:3    | Identified the ring "Noerhor" {rN++ Str+6 Dex+3}
 31940 | Elf:3    | Identified the ring of Exkola Doki {Fly rPois Int-4 SInv
                  | Stlth+}
 32013 | Elf:3    | Identified the +4 scale mail "Eblomupn" {Harm Regen+ Int-2
                  | Stlth+}
 32016 | Elf:3    | Identified the amulet "Jirreaff" {rF+ Regen+ rCorr Int-3}
 32056 | Elf:3    | Got the Parchment of Locality and the Mortuary
 32075 | Elf:3    | Identified the +4 plate armour of Greater Demons {rF+ MP+9}
 32086 | Elf:3    | Identified the +1 chain mail "Udaosuj" {Dex+3}
 32492 | Vaults:1 | Entered Level 1 of the Vaults
 32755 | Vaults:1 | Reached XP level 20. HP: 112/116 MP: 21/21
 33271 | Vaults:1 | Found Ifybes's Antique Weapon Shoppe.
 33545 | Vaults:1 | Found a runed translucent door.
 33613 | Vaults:1 | Noticed Pixtaico's ghost (adept FeNe)
 34096 | Vaults:2 | Reached skill level 15 in Unarmed Combat
 35129 | Vaults:3 | Found a staircase to the Crypt.
 35129 | Vaults:3 | Found a basalt altar of Yredelemnul.
 35129 | Vaults:3 | Found an ancient bone altar of Kikubaaqudgha.
 35502 | Vaults:3 | Reached XP level 21. HP: 103/124 MP: 22/22
 35659 | Vaults:3 | Found Ysygit's Weapon Shop.
 36009 | Vaults:4 | Found Patiolo's Jewellery Emporium.
 36858 | Vaults:5 | Entered Level 5 of the Vaults
 36906 | Vaults:5 | Identified the +3 hand axe of Durable Tenacity {freeze,
                  | *Rage rC+ rN++ Int+3}
 36929 | Vaults:5 | Noticed a golden dragon
 36930 | Vaults:5 | Shot with a bolt by a yaktaur captain
 36930 | Vaults:5 | Lost a life (0 lives remaining)
 37055 | Vaults:5 | Found Yhirphe's Distillery.
 37068 | Vaults:5 | Reached skill level 15 in Dodging
 37072 | Vaults:5 | Found Gock's General Store.
 37076 | Vaults:5 | Bought a potion of haste for 150 gold pieces
 37076 | Vaults:5 | Bought a potion of heal wounds for 75 gold pieces
 37076 | Vaults:5 | Bought a potion of heal wounds for 75 gold pieces
 37076 | Vaults:5 | Bought 2 potions of mutation for 240 gold pieces
 37076 | Vaults:5 | Bought a potion of might for 60 gold pieces
 37076 | Vaults:5 | Bought a potion of curing for 45 gold pieces
 37076 | Vaults:5 | Bought a potion of haste for 150 gold pieces
 37080 | Vaults:5 | Bought a wand of roots (6) for 259 gold pieces
 37080 | Vaults:5 | Bought a wand of paralysis (6) for 259 gold pieces
 37097 | Vaults:5 | Noticed a golden dragon
 37113 | Vaults:5 | Killed a golden dragon
 37141 | Vaults:5 | Reached XP level 22. HP: 132/133 MP: 23/23
 37141 | Vaults:5 | Gained a life (1 life remaining)
 37180 | Vaults:5 | Found Teih's Magic Scroll Shoppe.
 37181 | Vaults:5 | Found Neuggu Digu's Distillery.
 37250 | Vaults:5 | Bought a potion of haste for 170 gold pieces
 37250 | Vaults:5 | Bought 2 potions of curing for 102 gold pieces
 37250 | Vaults:5 | Bought a potion of invisibility for 136 gold pieces
 37250 | Vaults:5 | Bought a potion of might for 68 gold pieces
 37250 | Vaults:5 | Bought a potion of mutation for 136 gold pieces
 37257 | Vaults:5 | Bought a scroll of teleportation for 63 gold pieces
 37459 | Vaults:5 | Identified the ring "Kyha Xor" {Fly rN++ Dex-5}
 37571 | Vaults:5 | Found Puchizoig's Magic Scroll Shoppe.
 37571 | Vaults:5 | Found Kukhlono's Distillery.
 37582 | Vaults:5 | Bought a potion of heal wounds for 100 gold pieces
 37582 | Vaults:5 | Bought a potion of resistance for 200 gold pieces
 37610 | Vaults:5 | Got a silver rune of Zot
 37629 | Vaults:5 | Found Seab's Distillery.
 37629 | Vaults:5 | Found Umnaet's Magic Scroll Boutique.
 37753 | Vaults:5 | Killed a golden dragon
 37764 | Vaults:5 | Found Xuorunix's Distillery.
 37850 | Vaults:5 | Noticed a dread lich
 37852 | Vaults:5 | Killed a dread lich
 38375 | Depths:1 | Entered Level 1 of the Depths
 38652 | Vaults:5 | Bought a scroll of acquirement for 1092 gold pieces
 39392 | Depths:1 | Noticed Asterion
 39396 | Depths:1 | Killed Asterion
 39442 | Depths:1 | Found a gateway to Hell.
 39687 | Depths:1 | Noticed the Enchantress
 39694 | Depths:1 | Killed the Enchantress
 40011 | Depths:1 | Identified the +4 scale mail of a bailey {Str-3 Int+2
                  | Dex+4}
 40166 | Depths:1 | Found a one-way gate to the infinite horrors of the Abyss.
 40872 | Depths:2 | Found a one-way gate leading to the halls of Pandemonium.
 41202 | Depths:3 | Noticed a golden dragon
 41225 | Depths:3 | Killed a golden dragon
 41276 | Depths:3 | Reached XP level 23. HP: 138/140 MP: 24/24
 41875 | Depths:4 | Entered Level 4 of the Depths
 41981 | Depths:4 | Blown up by a lich
 41981 | Depths:4 | Lost a life (0 lives remaining)
 41982 | Depths:4 | Found Zatetovi's Armour Shop.
 41982 | Depths:4 | Found Ihofuur's Antique Armour Boutique.
 41985 | Depths:4 | Found Faamnaeck's Armour Shop.
 42049 | Depths:4 | Reached skill level 1 in Necromancy
 42105 | Depths:4 | Reached skill level 1 in Spellcasting
 42469 | Crypt:1  | Entered Level 1 of the Crypt
 44009 | Crypt:2  | Found a transporter.
 44087 | Crypt:2  | Found an ancient bone altar of Kikubaaqudgha.
 44143 | Crypt:2  | Found a transporter.
 44273 | Crypt:2  | Found an ancient bone altar of Kikubaaqudgha.
 44383 | Crypt:2  | Noticed an ancient lich
 44384 | Crypt:2  | Noticed a dread lich
 44406 | Crypt:2  | Reached XP level 24. HP: 148/148 MP: 30/30
 44413 | Crypt:2  | Killed an ancient lich
 44414 | Crypt:2  | Reached skill level 5 in Necromancy
 44416 | Crypt:2  | Killed a dread lich
 44460 | Crypt:3  | Entered Level 3 of the Crypt
 44468 | Crypt:3  | Reached skill level 5 in Spellcasting
 44470 | Crypt:3  | Found a staircase to the Tomb.
 44470 | Crypt:3  | Noticed a dread lich
 44477 | Crypt:3  | Killed a dread lich
 44525 | Crypt:3  | Noticed Zenata
 44530 | Crypt:3  | Killed Zenata
 44563 | Crypt:3  | Found an ancient bone altar of Kikubaaqudgha.
 44637 | Crypt:3  | Identified the ring of Fenn {Ice Will- Str+9 Int+2 Stlth+}
 44637 | Crypt:3  | Noticed Josephina
 44641 | Crypt:3  | Killed Josephina
 45024 | Crypt:3  | Got Uffif's Guide on the Mesa
 45122 | Crypt:3  | Identified the staff of the Teaching Enemy {rN+ rCorr
                  | Stlth+ Necro}
 45122 | Crypt:3  | Identified the death talisman "Trusted Companion" {Will++
                  | Dex-4}
 45412 | Crypt:3  | Identified the ring "Ofaruukigh" {rC+ rN+}
 45412 | Crypt:3  | Identified the ring of Ohonlola {Fly rElec rN+ Dex+5
                  | Slay-5}
 45412 | Crypt:3  | Identified the ring of the Invisible Hand {rPois rN+}
 45434 | Crypt:3  | Acquired a manual of Evocations
 45962 | Depths:4 | Found a one-way gateway to a ziggurat.
 46244 | Depths:4 | Noticed Xtahua
 46257 | Depths:4 | Killed Xtahua
 46432 | Depths:4 | Identified the orb "Arur" {*channel, Str+6 Dex-2}
 46432 | Depths:4 | Noticed Frederick
 46604 | Depths:4 | Found a gate to the Realm of Zot.
 47062 | Depths:4 | Found a portal to a secret trove of treasure.
 47098 | Depths:4 | Killed Frederick
 47138 | Zot:1    | Entered Level 1 of the Realm of Zot
 47444 | Zot:1    | You are sucked into a shaft and drop 1 floor!
 47471 | Zot:2    | Reached XP level 25. HP: 154/154 MP: 35/35
 47471 | Zot:2    | Gained a life (1 life remaining)
 47523 | Zot:1    | Identified the +1 robe of Sophism {rCorr MP+9 Str-2 Dex-4}
 48225 | Zot:2    | Noticed Parghit
 48233 | Zot:2    | Killed Parghit
 48971 | Zot:2    | Noticed an orb of fire
 48971 | Zot:2    | Noticed an orb of fire
 48977 | Zot:2    | Killed an orb of fire
 48981 | Zot:2    | Gained mutation: You sometimes lose your temper in combat.
                  | [an orb of fire]
 48982 | Zot:2    | Killed an orb of fire
 48986 | Zot:2    | Found a faded altar of an unknown god.
 49009 | Zot:2    | Identified the +2 shortbow of the Magi {flame, rPois
                  | Stlth+}
 49027 | Zot:2    | Identified the +1 fire dragon scales of New Discoveries
                  | {rF++ rC- Regen+ MP+9 Str-3}
 49802 | Zot:3    | Noticed a Killer Klown
 49813 | Zot:3    | Killed a Killer Klown
 50133 | Zot:4    | Reached XP level 26. HP: 158/161 MP: 23/36
 50670 | Zot:5    | Entered Level 5 of the Realm of Zot
 50930 | Zot:5    | Noticed an orb of fire
 50933 | Zot:5    | Noticed an orb of fire
 50935 | Zot:5    | Noticed an orb of fire
 50935 | Zot:5    | Noticed an orb of fire
 50935 | Zot:5    | Noticed an orb of fire
 50936 | Zot:5    | Noticed an orb of fire
 50937 | Zot:5    | Noticed an orb of fire
 50938 | Zot:5    | Noticed a dread lich
 50938 | Zot:5    | Killed an orb of fire
 50938 | Zot:5    | Killed an orb of fire
 50938 | Zot:5    | Killed an orb of fire
 50942 | Zot:5    | Killed an orb of fire
 50944 | Zot:5    | Killed an orb of fire
 50945 | Zot:5    | Killed an orb of fire
 50947 | Zot:5    | Killed an orb of fire
 50947 | Zot:5    | Killed a dread lich
 51802 | Vaults:5 | Bought a potion of curing for 45 gold pieces
 51802 | Vaults:5 | Bought a potion of cancellation for 120 gold pieces
 51802 | Vaults:5 | Bought a potion of mutation for 120 gold pieces
 51802 | Vaults:5 | Bought 2 potions of haste for 300 gold pieces
 51826 | Vaults:5 | Bought a scroll of fear for 76 gold pieces
 51826 | Vaults:5 | Bought a scroll of poison for 76 gold pieces
 51826 | Vaults:5 | Bought a scroll of poison for 76 gold pieces
 51826 | Vaults:5 | Bought a scroll of teleportation for 57 gold pieces
 51826 | Vaults:5 | Bought a scroll of revelation for 142 gold pieces
 51826 | Vaults:5 | Bought a scroll of poison for 76 gold pieces
 51826 | Vaults:5 | Bought a scroll of poison for 76 gold pieces
 51868 | Vaults:5 | Bought a potion of cancellation for 128 gold pieces
 51868 | Vaults:5 | Bought a potion of mutation for 128 gold pieces
 51868 | Vaults:5 | Bought a potion of might for 64 gold pieces
 51868 | Vaults:5 | Bought a potion of ambrosia for 128 gold pieces
 51868 | Vaults:5 | Bought a potion of might for 64 gold pieces
 51903 | Vaults:5 | Bought a scroll of teleportation for 66 gold pieces
 51903 | Vaults:5 | Bought a scroll of fear for 88 gold pieces
 51903 | Vaults:5 | Bought a scroll of teleportation for 66 gold pieces
 51903 | Vaults:5 | Bought a scroll of teleportation for 66 gold pieces
 51903 | Vaults:5 | Bought a scroll of teleportation for 66 gold pieces
 51925 | Vaults:5 | Bought a potion of haste for 200 gold pieces
 51925 | Vaults:5 | Bought a potion of mutation for 160 gold pieces
 51925 | Vaults:5 | Bought a potion of might for 80 gold pieces
 52251 | Slime:1  | Entered Level 1 of the Pits of Slime
 52424 | Slime:1  | Reached XP level 27. HP: 169/169 MP: 36/36
 52834 | Slime:2  | You are sucked into a shaft and drop 2 floors!
 52892 | Slime:4  | Found a viscous altar of Jiyva.
 52989 | Slime:5  | Entered Level 5 of the Pits of Slime
 53560 | Slime:5  | Noticed the Royal Jelly
 53597 | Slime:5  | Killed the Royal Jelly
 53832 | Slime:5  | Got a slimy rune of Zot
 53834 | Slime:5  | Identified the +9 trident of Cocytus {heavy, rF+ Str+2
                  | Int+2}
 53841 | Slime:5  | Identified the +2 longbow of the Gazing Scorpion
                  | {antimagic, rPois}
 53909 | Slime:5  | Acquired Bituim's Grimoire of Decaying Accompaniment
 54728 | Depths:1 | Voluntarily entered the Abyss.
 54869 | Abyss:2  | Found a corrupted altar of Lugonu.
 54893 | Abyss:2  | Found a hide-covered altar of Uskayaw.
 55436 | Abyss:3  | Gained mutation: Potions are less effective at restoring
                  | your health. [a neqoxec]
 55499 | Abyss:4  | Got an abyssal rune of Zot
 55512 | Depths:1 | Escaped the Abyss
 55925 | Tomb:1   | Entered Level 1 of the Tomb of the Ancients
 56033 | Tomb:1   | Reached skill level 1 in Invocations
 56673 | Tomb:1   | Reached skill level 5 in Invocations
 56711 | Tomb:1   | Found the +2 hood of the Assassin {Detect Stab+ Stlth++}
 56834 | Tomb:2   | Noticed a royal mummy
 56844 | Tomb:2   | Noticed a royal mummy
 56844 | Tomb:2   | Killed a royal mummy
 56845 | Tomb:2   | Noticed a royal mummy
 56849 | Tomb:2   | Noticed a royal mummy
 56852 | Tomb:2   | Killed a royal mummy
 56854 | Tomb:2   | Killed a royal mummy
 56858 | Tomb:2   | Killed a royal mummy
 56859 | Tomb:2   | Gained a life (2 lives remaining)
 57118 | Tomb:1   | Noticed a royal mummy
 57126 | Tomb:1   | Killed a royal mummy
 57126 | Tomb:1   | Noticed a royal mummy
 57132 | Tomb:1   | Noticed a royal mummy
 57136 | Tomb:1   | Killed a royal mummy
 57140 | Tomb:1   | Noticed a royal mummy
 57144 | Tomb:1   | Noticed a royal mummy
 57144 | Tomb:1   | Killed a royal mummy
 57144 | Tomb:1   | Noticed a royal mummy
 57150 | Tomb:1   | Noticed a royal mummy
 57150 | Tomb:1   | Noticed a royal mummy
 57343 | Tomb:1   | Killed a royal mummy
 57352 | Tomb:1   | Killed a royal mummy
 57436 | Tomb:1   | Noticed a royal mummy
 57442 | Tomb:1   | Killed a royal mummy
 57714 | Tomb:1   | Noticed a royal mummy
 57720 | Tomb:1   | Killed a royal mummy
 57721 | Tomb:1   | Reached skill level 10 in Invocations
 57738 | Tomb:1   | Killed a royal mummy
 57740 | Tomb:1   | Noticed a royal mummy
 57780 | Tomb:1   | Killed a royal mummy
 57851 | Tomb:1   | Noticed a royal mummy
 57867 | Tomb:1   | Killed a royal mummy
 57919 | Tomb:1   | Killed a royal mummy
 57921 | Tomb:1   | Noticed a royal mummy
 57930 | Tomb:1   | Killed a royal mummy
 57949 | Tomb:1   | Killed a royal mummy
 58036 | Tomb:1   | Noticed a royal mummy
 58044 | Tomb:1   | Killed a royal mummy
 58066 | Tomb:1   | Noticed a royal mummy
 58071 | Tomb:1   | Noticed a royal mummy
 58075 | Tomb:1   | Killed a royal mummy
 58076 | Tomb:1   | Noticed a royal mummy
 58080 | Tomb:1   | Noticed a royal mummy
 58081 | Tomb:1   | Killed a royal mummy
 58099 | Tomb:1   | Killed a royal mummy
 58109 | Tomb:1   | Killed a royal mummy
 58216 | Tomb:1   | Noticed a royal mummy
 58220 | Tomb:1   | Noticed a royal mummy
 58474 | Tomb:1   | Noticed a royal mummy
 58479 | Tomb:1   | Killed by an exploding death scarab... ignited by their
                  | inner flame
 58479 | Tomb:1   | Lost a life (1 life remaining)
 58684 | Tomb:1   | Killed a royal mummy
 58684 | Tomb:1   | Killed a royal mummy
 58831 | Tomb:1   | Killed a royal mummy
 58832 | Tomb:1   | Noticed a royal mummy
 58839 | Tomb:1   | Killed a royal mummy
 59168 | Tomb:3   | Entered Level 3 of the Tomb of the Ancients
 59208 | Tomb:3   | Noticed a royal mummy
 59210 | Tomb:3   | Reached skill level 15 in Invocations
 59214 | Tomb:3   | Killed a royal mummy
 59223 | Tomb:3   | Identified the +6 hand axe "Lexal" {flame, Str+3 Int+2}
 59223 | Tomb:3   | Noticed a royal mummy
 59229 | Tomb:3   | Killed a royal mummy
 59237 | Tomb:3   | Noticed a royal mummy
 59243 | Tomb:3   | Noticed Khufu
 59259 | Tomb:3   | Got a golden rune of Zot
 59372 | Tomb:3   | Noticed a royal mummy
 59382 | Tomb:3   | Killed a royal mummy
 59417 | Tomb:3   | Noticed a royal mummy
 59421 | Tomb:3   | Killed a royal mummy
 59423 | Tomb:3   | Killed Khufu
 59439 | Tomb:3   | Noticed a royal mummy
 59441 | Tomb:3   | Killed a royal mummy
 59447 | Tomb:3   | Noticed a royal mummy
 59452 | Tomb:3   | Killed a royal mummy
 59452 | Tomb:3   | Killed a royal mummy
 59457 | Tomb:3   | Noticed a royal mummy
 59467 | Tomb:3   | Killed a royal mummy
 59802 | Tomb:3   | Identified the ring "Xivy" {*Corrode Will+ Slay+5}
 59821 | Tomb:3   | Identified the +8 shortbow of Eternal Vigilance {heavy,
                  | +Blink rElec rC- Will+}
 59822 | Tomb:3   | Identified the +2 sling of the Last Beds {freeze, ^Contam
                  | rElec Dex+2}
 60603 | Pan      | Entered Pandemonium
 61118 | Pan      | Noticed Rebbotro the pandemonium lord
 61150 | Pan      | Killed Rebbotro the pandemonium lord
 61368 | Pan      | Gained mutation: You are partially covered in iridescent
                  | scales. (AC +2) [a cacodemon]
 61474 | Pan      | Found an opulent altar of Gozag.
 61505 | Pan      | Found Non Jydgh's Infernal Boutique.
 61505 | Pan      | Noticed a dread lich
 61523 | Pan      | Killed a dread lich
 61572 | Pan      | Found an opulent altar of Gozag.
 61581 | Pan      | Noticed Non Jydgh the pandemonium lord
 61584 | Pan      | Found Non Jydgh's Superb Hardware.
 61587 | Pan      | Killed Non Jydgh the pandemonium lord
 61606 | Pan      | Found an opulent altar of Gozag.
 61612 | Pan      | Found Non Jydgh's Book Shoppe.
 61807 | Pan      | Found Non Jydgh's Demonic Rune Inventory.
 62349 | Pan      | Lost mutation: Your mind is acute. (Int +4, Str/Dex -1) [a
                  | cacodemon]
 62364 | Pan      | Lost mutation: Potions are less effective at restoring your
                  | health. [a cacodemon]
 62365 | Pan      | Gained mutation: Your magical capacity is low. (-10% MP) [a
                  | cacodemon]
 62366 | Pan      | Gained mutation: Your spells are a little easier to cast,
                  | but a little less powerful. [a cacodemon]
 62478 | Pan      | Found a runed translucent door.
 62615 | Pan      | Gained mutation: You passively map a small area around you.
                  | [a neqoxec]
 62656 | Pan      | Entered the realm of Cerebov.
 62869 | Pan      | Found the +6 sword of Cerebov {flame}
 62869 | Pan      | Noticed Cerebov
 62892 | Pan      | Killed Cerebov
 62910 | Pan      | Identified the serpent talisman "Heiwubih" {Dex+3}
 63030 | Pan      | Identified the +4 whip "Puax" {drain, rElec rC- Int+5}
 63066 | Pan      | Identified the ring of the Kangaroo {+Blink rF+ rN+ Int+3}
 63085 | Pan      | Identified the +0 helmet of the Eggfruit {rF+ rC- rN+}
 63192 | Pan      | Identified the ring "Virru" {+Blink rF- rC+ rN++ Str+6}
 63229 | Pan      | Got a fiery rune of Zot
 63335 | Pan      | Found an exit through the horrors of the Abyss.
 63587 | Pan      | Noticed Roilleurgh the pandemonium lord
 63594 | Pan      | Killed Roilleurgh the pandemonium lord
 63599 | Pan      | Entered the realm of Mnoleg.
 64037 | Pan      | Noticed Mnoleg
 64048 | Pan      | Killed Mnoleg
 64094 | Pan      | Got a glowing rune of Zot
 64178 | Pan      | Entered the realm of Gloorx Vloq.
 64821 | Pan      | Noticed Gloorx Vloq
 64824 | Pan      | Killed Gloorx Vloq
 64844 | Pan      | Got a dark rune of Zot
 65176 | Pan      | Found a glowing silver altar of Zin.
 65202 | Pan      | Identified the +0 buckler "Cawoelou" {rElec Int+3}
 65403 | Pan      | Identified the +3 sling of Qazlal's Condemnation {heavy,
                  | Int+4}
 65459 | Pan      | Acquired a manual of Stealth
 65794 | Pan      | Identified the +3 buckler of an ice cave {rN+ Int+3 Stlth+}
 65843 | Pan      | Identified the +12 chain mail of Responsibility {Int+7}
 65843 | Pan      | Noticed a seraph
 65844 | Pan      | Found a glowing golden altar of the Shining One.
 65851 | Pan      | Killed a seraph
 65852 | Pan      | Reached skill level 27 in Invocations
 65863 | Pan      | Got a demonic rune of Zot
 65866 | Pan      | Identified the ring "Biruuru" {rF+ rC+ Int+2 Dex+3}
 65879 | Pan      | Identified the amulet "Jouc" {rC++ Regen+ Str+5}
 65884 | Pan      | Identified the +0 halberd "Erohout" {drain, Int+2}
 65949 | Depths:2 | Escaped Pandemonium
 65951 | Pan      | Entered Pandemonium
 65969 | Pan      | Gained mutation: Your flesh is cold resistant. (rC+) [a
                  | cacodemon]
 65970 | Pan      | Gained mutation: Your health recovers twice as slowly from
                  | being drained. [a cacodemon]
 65987 | Pan      | Reached skill level 27 in Dodging
 66056 | Pan      | Noticed Oneneofi the pandemonium lord
 66533 | Pan      | Entered the realm of Lom Lobon.
 66634 | Pan      | Gained a life (2 lives remaining)
 66751 | Pan      | Noticed Lom Lobon
 66766 | Pan      | Killed from afar by Lom Lobon
 66766 | Pan      | Lost a life (1 life remaining)
 66807 | Pan      | Killed Lom Lobon
 66807 | Pan      | Reached skill level 15 in Stealth
 66818 | Pan      | Got a magical rune of Zot
 66959 | Pan      | Acquired 931 gold pieces
 67014 | Pan      | Found an exit through the horrors of the Abyss.
 67023 | Pan      | Took an exit into the Abyss.
 67023 | Abyss:4  | Escaped into the Abyss
 67079 | Depths:2 | Escaped the Abyss
 67093 | Depths:2 | Lost mutation: You sometimes lose your temper in combat.
                  | [potion of mutation]
 67093 | Depths:2 | Lost mutation: You passively map a small area around you.
                  | [potion of mutation]
 67093 | Depths:2 | Gained mutation: You possess an exceptional clarity of
                  | mind. [potion of mutation]
 67093 | Depths:2 | Gained mutation: Your flesh is very cold resistant. (rC++)
                  | [potion of mutation]
 67094 | Depths:2 | Lost mutation: Your magical capacity is low. (-10% MP)
                  | [potion of mutation]
 67094 | Depths:2 | Lost mutation: Your spells are a little easier to cast, but
                  | a little less powerful. [potion of mutation]
 67094 | Depths:2 | Lost mutation: Your flesh is very cold resistant. (rC++)
                  | [potion of mutation]
 67094 | Depths:2 | Gained mutation: You are dopey. (Int -2) [potion of
                  | mutation]
 67094 | Depths:2 | Gained mutation: You occasionally shout uncontrollably at
                  | your foes. [potion of mutation]
 67094 | Depths:2 | Gained mutation: You are mostly covered in iridescent
                  | scales. (AC +4) [potion of mutation]
 67095 | Depths:2 | Lost mutation: You possess an exceptional clarity of mind.
                  | [potion of mutation]
 67095 | Depths:2 | Lost mutation: You are weak. (Str -2) [potion of mutation]
 67095 | Depths:2 | Gained mutation: You passively map a small area around you.
                  | [potion of mutation]
 67095 | Depths:2 | Lost mutation: You are mostly covered in iridescent scales.
                  | (AC +4) [potion of mutation]
 67095 | Depths:2 | Gained mutation: You have a pair of small horns on your
                  | head. [potion of mutation]
 67096 | Depths:2 | Lost mutation: Your flesh is cold resistant. (rC+) [potion
                  | of mutation]
 67096 | Depths:2 | Lost mutation: You passively map a small area around you.
                  | [potion of mutation]
 67096 | Depths:2 | Lost mutation: You are partially covered in iridescent
                  | scales. (AC +2) [potion of mutation]
 67097 | Depths:2 | Lost mutation: Your health recovers twice as slowly from
                  | being drained. [potion of mutation]
 67097 | Depths:2 | Lost mutation: You occasionally shout uncontrollably at
                  | your foes. [potion of mutation]
 67097 | Depths:2 | Lost mutation: You are dopey. (Int -2) [potion of mutation]
 67097 | Depths:2 | Gained mutation: You are clumsy. (Dex -2) [potion of
                  | mutation]
 67097 | Depths:2 | Gained mutation: Your spells are a little harder to cast,
                  | but a little more powerful. [potion of mutation]
 67097 | Depths:2 | Gained mutation: Your muscles are strong. (Str +4, Int/Dex
                  | -1) [potion of mutation]
 67121 | Hell     | Entered the Vestibule of Hell
 67136 | Hell     | Noticed Geryon
 67180 | Hell     | Reached skill level 27 in Fighting
 67205 | Hell     | Killed Geryon
 67283 | Hell     | Found a gateway to the Iron City of Dis.
 67327 | Hell     | Found a gateway to the freezing wastes of Cocytus.
 67611 | Hell     | Found a gateway to the decaying netherworld of Tartarus.
 67737 | Hell     | Found a gateway to the ashen valley of Gehenna.
 67921 | Coc:1    | Entered Level 1 of Cocytus
 68918 | Coc:7    | Entered Level 7 of Cocytus
 69212 | Coc:7    | Paralysed by a wendigo for 1 turns
 69726 | Coc:7    | Got Asmodeus's Lessons on Hyperthermia
 69864 | Coc:7    | Noticed Antaeus
 70154 | Coc:7    | Killed Antaeus
 70176 | Coc:7    | Got an icy rune of Zot
 70269 | Geh:1    | Entered Level 1 of Gehenna
 70706 | Geh:7    | Entered Level 7 of Gehenna
 70921 | Geh:7    | Noticed the Serpent of Hell
 70927 | Geh:7    | Killed the Serpent of Hell
 71029 | Geh:7    | Found the +13 sceptre of Asmodeus
 71029 | Geh:7    | Noticed Asmodeus
 71036 | Geh:7    | Killed Asmodeus
 71058 | Geh:7    | Got an obsidian rune of Zot
 71359 | Tar:1    | Entered Level 1 of Tartarus
 71722 | Tar:3    | Noticed an ancient lich
 71722 | Tar:3    | Noticed an ancient lich
 71722 | Tar:3    | Noticed an ancient lich
 72305 | Tar:7    | Entered Level 7 of Tartarus
 72353 | Tar:7    | Slain by a tainted leviathan
 72353 | Tar:7    | Lost a life (0 lives remaining)
 72708 | Tar:7    | Noticed Ereshkigal
 72718 | Tar:7    | Killed Ereshkigal
 72747 | Tar:7    | Got a bone rune of Zot
 73033 | Zot:5    | Got the Orb of Zot
 73313 | D:14     | Reached skill level 27 in Shapeshifting
 73560 | Temple   | Entered the Ecumenical Temple
 73723 | D:10     | Fell from the grace of Wu Jian
 73723 | D:10     | Became a worshipper of Dithmenos the Shadowed
 73900 | D:$      | Escaped with the Orb!

Illustrated notes

Levels and vault maps discovered:
D:1:      amcnicky_arrival_feature_with_door, layout_rooms, nrook_mini_backslash
D:2:      layout_basic, basic_altar, columned_hall_lemuel,
          small_statue_intersection
D:3:      layout_basic, nicolae_uskayaw_murder_on_the_dancefloor,
          mainiacjoe_overflow_chevrons, minivault_5, uniq_robin
D:4:      layout_basic, nicolae_overflow_squiral
D:5:      layout_basic, gammafunk_ghost_nasty_kobolds, minmay_hedge_maze,
          chequers_decorated_corner, nicolae_sextant, uniq_prince_ribbit1
D:6:      layout_gridville
D:7:      layout_loops_ring, kennysheep_mini, minmay_temple_entry_fiery,
          lightli_corner_chamber, uniq_maggie
D:8:      layout_basic, hellmonk_ghost_big_iron, serial_shops, shop_fountains,
          dreamdust_princess_corridor, uniq_grum, uniq_gastronok, uniq_amaemon
D:9:      layout_loops_ring, mainiacjoe_overflow_alcove_2,
          erik_lair_orcish_takeover, david_orc_4, kennysheep_dice
D:10:     layout_irregular_city, grunt_dithmenos_smoke_and_mirrors
D:11:     layout_basic, ebering_ghost_gozag
D:12:     layout_cave_pools, serial_bayou, serial_bayou_pond_c,
          serial_bayou_lagoon_b, serial_bayou_pond_e, serial_bayou_lake_a,
          serial_bayou_crossing, minmay_hollow_rounded_squares, uniq_azrael,
          uniq_erolcha, uniq_kirke
D:13:     layout_gridville, hellmonk_vaults_order_and_chaos, serial_shops, shop,
          elyvilon_altar_5
D:14:     layout_cave_pools, ebering_ghost_xom, kennysheep_small_spiral
D:15:     vault_1, layout_loops_ring
Temple:   regret_index_temple_generic_petals
Lair:1:   layout_concentric_octagons
Lair:2:   layout_cave_pods
Lair:3:   layout_cave_pods, elwin_shoals_entry_stream,
          nicolae_snake_entry_squirm, serial_rivers,
          chequers_serial_rivers_micro_d, chequers_serial_rivers_micro_c,
          chequers_serial_rivers_micro_c, chequers_serial_rivers_small_a,
          grunt_megastairs_1
Lair:4:   layout_roguey, uniq_snorg
Lair:5:   minmay_lair_end_enchanted_forest, layout_regular_city,
          minmay_slime_entry_eyes, basic_altar
Shoals:1: layout_shoals, serial_shops, shop, nicolae_shop_overcharged_wands
Shoals:2: layout_shoals, portal_ice_cave_entry_dragon,
          nicolae_shoals_kraken_party
Shoals:3: layout_shoals, serial_shops, shop
Shoals:4: shoals_end_simple, layout_shoals, gammafunk_ghost_tricky_traps,
          nicolae_shoals_stone_sculpture_thing, uniq_mara, uniq_bai_suzhen
Snake:1:  layout_gridlike, uniq_aizul
Snake:2:  layout_cave_pods, grunt_ministairs_7, minmay_shoptagon
Snake:3:  layout_grid_shapes, ebering_ghost_rock_garden, uniq_vashnia
Snake:4:  hellmonk_snake_rune_quicksilver_temple, layout_cave_town
Slime:1:  nicolae_slime_jelly_donut, layout_caves
Slime:2:  layout_caves
Slime:3:  cheibrodos_slime_lost_civilization_3, layout_caves
Slime:4:  layout_caves, basic_altar
Slime:5:  slime_pit_nicolae_trefoil
Orc:1:    layout_diamond_mine
Orc:2:    hellmonk_orc_salted, layout_diamond_mine, enter_volcano_3,
          serial_shops, nicolae_shop_advertising_works
          [nicolae_subvault_shop_adworks]
Elf:1:    eino_elf_arrival_shootout, layout_geoelf_diagonals, basic_altar,
          minmay_elf_necromancy, grunt_ministairs_1, nicolae_custom_books,
          solitary_fountain, serial_library_hellmonk_room_b
Elf:2:    nicolae_elf_blades_crystal_corner, layout_geoelf_octagon,
          moated_statue, uniq_saint_roka
Elf:3:    minmay_elf_hall_hex, layout_geoelf_octagon, minivault_13
Vaults:1: ebering_ghost_reflecting_pool, hangedman_vaults_nails,
          nicolae_vaults_double_plus_2, nicolae_vaults_security_offices_3,
          nicolae_vaults_windows_and_doors_thing, vaults_dpeg_diagonal,
          v_misc_23, nicolae_vaults_ellipses_ellipsis, v_misc_8,
          v_alt_pattern_2, nicolae_vaults_storage_closets_3, v_misc_15,
          layout_vaults_omnigrid, serial_shops, shop
Vaults:2: v_misc_33, ontoclasm_vaults_pinch, nicolae_vaults_network_quinsquares
          [nicolae_vaults_network_quincunx_subvault,
          nicolae_vaults_network_quincunx_subvault,
          nicolae_vaults_network_quincunx_subvault,
          nicolae_vaults_network_quincunx_subvault], v_alt_pattern_3, v_misc_8,
          nicolae_vaults_shrinking_rooms_1, nicolae_vaults_angled_halls,
          vaults_room_hallway, v_rooms_6, vaults_room_pool,
          dpeg_vaults_monster_box, vaults_room_grid, ontoclasm_vaults_spin,
          nicolae_vaults_double_plus_1, layout_vaults_maze
Vaults:3: v_pattern_2, nicolae_vaults_theta, nicolae_vaults_tetromino_T_1,
          vaults_standard_mumra_lines, nicolae_vaults_weapon_check,
          nicolae_vaults_taking_the_gang_shopping, vaults_dpeg_spiral,
          nicolae_vaults_diagonal_hallway_6, minmay_crypt_entry_necro_gods,
          vaults_room_grunt_arrival_ludios, nicolae_vaults_diamond_2,
          nicolae_vaults_trapezoid_lopsided_3, nicolae_vaults_diamond_2,
          layout_vaults_big_room
Vaults:4: grunt_vaults_funnel, vaults_mumra_hexcomb,
          nicolae_vaults_sealed_display, vaults_room_large_hall, v_misc_13,
          nicolae_vaults_tangram_2, hangedman_vaults_corner, v_misc_4, v_misc_5,
          grunt_vaults_focal, vaults_room_fancy_cross,
          nicolae_vaults_tetromino_L_2, nicolae_vaults_trapezoid_2,
          layout_vaults_ring, serial_shops, shop
Vaults:5
Crypt:1:  layout_misc_corridors, grunt_crypt_arrival_split
Crypt:2:  gammafunk_dig_for_victory, layout_misc_corridors,
          hangedman_feature_mirror, serial_library_regret_index_closets,
          st_stairs_11, grunt_megastairs_3
Crypt:3:  grunt_crypt_end_deaths_head, uniq_josephina, uniq_zenata
Tomb:1
Tomb:2
Tomb:3
Depths:1: layout_basic, nicolae_hell_entry_hellmouth_sunbeams, abyss_entry,
          minmay_misc_feat_enclosed, hangedman_abyss_or_decor_stagger,
          nicolae_titane, uniq_asterion, uniq_enchantress
Depths:2: kennysheep_blocky_hall, layout_cave_shapes, grunt_pan_entry_sceptre,
          hell_entry, infiniplex_staircase_river, serial_bayou_shore_b,
          firewood_loft, roderic_lattice_octagonal_star, serial_bayou_shore_b
Depths:3: minmay_the_grid_octo_triangle [minmay_the_grid_octo_chip,
          minmay_the_grid_octo_prize_ultimate_mussel_roller,
          minmay_the_grid_octo_empty], layout_cave_pools, hellmouth_1,
          abyss_entry_crystal
Depths:4: grunt_crosshair, layout_basic, enter_ziggurat_d,
          grunt_hell_entry_dis_old, enter_trove_3, minmay_shop_star,
          uniq_frederick, uniq_xtahua
Hell
Geh:1:    layout_gehenna_pools_box, nicolae_geh_fiery_graves
          [nicolae_geh_single_fiery_grave, nicolae_geh_single_fiery_grave,
          nicolae_geh_single_fiery_grave, nicolae_geh_single_fiery_grave,
          nicolae_geh_single_fiery_grave, nicolae_geh_single_fiery_grave,
          nicolae_geh_single_fiery_grave, nicolae_geh_single_fiery_grave,
          nicolae_geh_single_fiery_grave], nicolae_geh_single_fiery_grave
Geh:2:    layout_gehenna_pools_box
Geh:3:    layout_gehenna_pools_basic
Geh:4:    layout_gehenna_lava_caves
Geh:5:    layout_gehenna_pools_box
Geh:6:    layout_gehenna_lava_caves, nicolae_geh_single_fiery_grave
Geh:7:    geh_hangedman
Coc:1:    layout_cocytus_water_paths
Coc:2:    layout_cocytus_water_paths
Coc:3:    layout_cocytus_water_paths
Coc:4:    layout_cocytus_water_paths
Coc:5:    layout_ice_bergs
Coc:6:    layout_ice_bergs, serial_ice, serial_ice_b, serial_ice_e,
          serial_ice_a, serial_ice_d
Coc:7:    coc_dpeg
Tar:1:    layout_cathedral_of_symmetry
Tar:2:    nicolae_hells_demon_pit, layout_cathedral_of_symmetry
Tar:3:    layout_grid_maze, nicolae_tar_liches_on_tour
Tar:4:    layout_honeycomb, nicolae_tar_cuneiform_heaven
Tar:5:    nicolae_tar_checkpoint_tarlie, layout_cathedral_of_symmetry,
          tekkud_tar_snaking_path
Tar:6:    layout_grid_maze, nicolae_tar_grid_combs
Tar:7:    tar_old
Zot:1:    layout_onion
Zot:2:    regret_index_infernal_bastille, layout_basic,
          hangedman_zot_wheel_spokes, grunt_ministairs_4, uniq_parghit
Zot:3:    layout_twisted_circle
Zot:4:    layout_misc_corridors, regret_index_zotdec_banners
Zot:5:    layout_misc_corridors, regret_index_zotdec_stipple_waver, st_stairs_13

Skill      XL: |  1  2  3  4  5  6  7  8  9 10 11 12 13 14 15 16 17 18 19 20 21 22 23 24 25 26 27 |
---------------+----------------------------------------------------------------------------------+-----
Dodging        | 4 5 6 7 9 10 11 13 14 15 17 19 21 23 25 27 | 27.0
Shapeshifting  | 1 2 3 4 5 6 7 8 10 14 17 19 21 22 23 27 | 27.0
Evocations     | 1 2 3 5 7 9 10 | 10.0
Fighting       | 4 5 6 7 8 9 10 11 12 13 16 18 20 21 22 23 24 25 27 | 27.0
Unarmed Combat | 4 5 6 7 8 9 10 11 13 16 18 19 20 21 22 24 26 | 26.9
Stealth        | 1 5 7 9 10 22 | 22.7
Necromancy     | 4 8 |  8.0
Spellcasting   | 4 7 8 |  8.0
Invocations    | 27 | 27.0

Action                     |  1- 3 |  4- 6 |  7- 9 | 10-12 | 13-15 | 16-18 | 19-21 | 22-24 | 25-27 || total
---------------------------+-------+-------+-------+-------+-------+-------+-------+-------+-------++-------
  Melee: Unarmed           |    95 |    99 |   291 |   860 |  1632 |  1259 |  1100 |  1722 |  4958 || 12016
         Bite              |    11 |    11 |    27 |   127 |   238 |    97 |       |   197 |   533 ||  1241
         Punch             |     3 |     1 |    11 |     3 |    63 |   110 |   126 |   305 |   985 ||  1607
         Maw               |       |       |       |       |   228 |   190 |       |       |       ||   418
         Headbutt          |       |       |       |       |       |       |       |       |   191 ||   191
   Cast: Fugue of the Fall |       |       |       |       |       |       |       |     1 |    11 ||    12
 Invoke: Serpent's Lash    |       |       |       |     5 |    27 |    20 |     9 |    17 |    57 ||   135
         Heavenly Storm    |       |       |       |       |     1 |     2 |     2 |     1 |    14 ||    20
Ability: Lunge             |       |     4 |    21 |    53 |    88 |   143 |    97 |   128 |   467 ||  1001
         Whirlwind         |       |       |    34 |   208 |   512 |   362 |   187 |   270 |  1205 ||  2778
         Blinkbolt         |       |       |       |       |       |     5 |     1 |     4 |     5 ||    15
         Wall Jump         |       |       |       |       |       |       |       |       |     1 ||     1
  Evoke: Wand              |       |    10 |     1 |    12 |     4 |       |       |     7 |    16 ||    50
         Condenser vane    |       |       |       |       |       |     1 |       |       |     4 ||     5
         Phantom mirror    |       |       |       |       |       |       |       |     1 |     2 ||     3
         Horn of Geryon    |       |       |       |       |       |       |       |       |     1 ||     1
    Use: Scroll            |    12 |     4 |    10 |     3 |    13 |     8 |     3 |     3 |    42 ||    98
         Potion            |     1 |       |     1 |     3 |    11 |     8 |     2 |     2 |    29 ||    57
   Stab: Sleeping          |       |       |     8 |     9 |    29 |    38 |    23 |    18 |    58 ||   183
         Distracted        |       |       |     1 |       |       |     1 |     7 |    11 |    52 ||    72
         Paralysed         |       |       |       |     4 |       |       |       |     3 |     1 ||     8
 Armour: Skin              |    29 |    45 |    95 |   181 |   354 |   243 |   152 |   228 |  1000 ||  2327
  Dodge: Dodged            |    77 |    85 |   203 |   676 |  1465 |  1340 |  1106 |  1239 |  4556 || 10747
   Form: Beast             |     1 |       |       |       |       |       |       |       |       ||     1
         Flux              |       |       |       |     1 |       |       |       |       |       ||     1
         Maw               |       |       |       |       |     1 |       |       |       |       ||     1
         Storm             |       |       |       |       |       |     1 |       |     1 |     4 ||     6
         Death             |       |       |       |       |       |       |       |     1 |     5 ||     6
         Statue            |       |       |       |       |       |       |       |       |     3 ||     3
                           |       |       |       |       |       |       |       |       |     1 ||     1

Table legend: (Time is in decaauts)
 A = Elapsed time spent in this place.
 B = Non-inter-level travel time spent in this place.
 C = Inter-level travel time spent in this place.
 D = Time resting spent in this place.
 E = Time spent auto-exploring this place.
 F = Levels seen in this place.
 G = Mean time per level.
                   A        B        C        D        E       F      G
               +--------+--------+--------+--------+--------+-----+--------+
         Total |  75945 |  66794 |   9151 |   5753 |  39484 | 108 |  703.2 |
       Dungeon |  16250 |  13368 |   2882 |    861 |   9528 |  15 | 1083.3 |
        Temple |      1 |      0 |      1 |      0 |      0 |   1 |    1.0 |
          Lair |   7276 |   6165 |   1111 |    734 |   3955 |   5 | 1455.2 |
        Shoals |   3760 |   3602 |    158 |    260 |   2194 |   4 |  940.0 |
     Snake Pit |   3330 |   3002 |    328 |      7 |   2122 |   4 |  832.5 |
    Slime Pits |   2039 |   1851 |    188 |      0 |   1478 |   5 |  407.8 |
  Orcish Mines |   1326 |   1040 |    286 |      0 |    718 |   2 |  663.0 |
   Elven Halls |   2846 |   2585 |    261 |    235 |   1394 |   3 |  948.7 |
        Vaults |   6777 |   5324 |   1453 |     13 |   3942 |   5 | 1355.4 |
         Crypt |   3262 |   2811 |    451 |      7 |   1777 |   3 | 1087.3 |
          Tomb |   4383 |   3738 |    645 |    565 |   1951 |   3 | 1461.0 |
        Depths |   4724 |   3869 |    855 |    167 |   2761 |   4 | 1181.0 |
          Hell |   1317 |   1224 |     93 |    374 |    424 |   1 | 1317.0 |
       Gehenna |    806 |    806 |      0 |    218 |      7 |   7 |  115.1 |
       Cocytus |   2225 |   2192 |     33 |   1138 |    126 |   7 |  317.9 |
      Tartarus |   1386 |   1317 |     69 |    385 |    180 |   7 |  198.0 |
           Zot |   4423 |   4094 |    329 |    235 |   2739 |   5 |  884.6 |
         Abyss |    830 |    830 |      0 |      0 |    248 |   5 |  166.0 |
   Pandemonium |   8972 |   8972 |      0 |    551 |   3936 |  21 |  427.2 |
      Ice Cave |      4 |      4 |      0 |      0 |      0 |   1 |    4.0 |
               +--------+--------+--------+--------+--------+-----+--------+

Top non-repeatable levels by time:
  Tomb:1: 2897 daAuts
    D:15: 2000 daAuts
  Lair:3: 1746 daAuts
Vaults:1: 1635 daAuts
     D:9: 1601 daAuts
Vaults:2: 1537 daAuts
  Lair:5: 1531 daAuts
Vaults:5: 1485 daAuts
  Lair:2: 1481 daAuts
Depths:1: 1440 daAuts
Depths:4: 1363 daAuts
     D:5: 1328 daAuts
    D:13: 1322 daAuts
   Zot:2: 1317 daAuts
    Hell: 1317 daAuts
